 Dungeon Crawl Stone Soup version 0.22-a0-433-gd2a9cce (webtiles) character file.

941043 4thArraOfDagon the Sage (level 27, -5/207 HPs)
             Began as an Octopode Wizard on May 27, 2018.
             Was a High Priest of Sif Muna.
             Hit by a Killer Klown thrown by iron giant (6 damage)
             ... while paralysed by Quecs
             ... on level 25 of a ziggurat on May 28, 2018.
             The game lasted 04:45:10 (31229 turns).

4thArraOfDagon the Sage (Octopode Wizard)          Turns: 31229, Time: 04:45:11

Health: -5/207     AC: -1    Str:  8    XL:     27
Magic:  43/63      EV:  2    Int: 55    God:    Sif Muna [*****.]
Gold:   2294       SH:  0    Dex: 14    Spells: 4/80 levels left

rFire    + + .     SeeInvis +   S - +7 long sword of the Ancients {drain, rPois rN+ Int+6 Dex-2}
rCold    . . .     Gourm    .   Z - +2 shield of Words of Power {*Contam rN+ Int+4 Stlth+}
rNeg     + + +     Faith    .   V - -2 hat of the Alchemist {rElec rPois rF+ rC+ rN+ MR+ rMut rCorr}
rPois    ∞         Spirit   .   A - amulet of magic regeneration
rElec    +         Reflect  .   K - ring of magical power
rCorr    +         Harm     .   X - +4 ring of intelligence
rMut     +                      T - ring of Phasing {EV+8}
MR       +++..                  y - ring of the Dragon {Int+2 Dex+4 Slay+3 SInv}
Stlth    ++++......             o - +4 ring of intelligence
HPRegen  0.44/turn              s - +5 ring of intelligence
MPRegen  0.63/turn              W - ring of wizardry
                                z - ring "Roliucs" {Fire rN+}

@: paralysed, petrified, very slightly contaminated, hasted, silenced, divine
energy
A: almost no armour, stealthy swim, amphibious, 8 rings, constrict 8, camouflage
1, blink, sense surroundings 1, gelatinous body 1
}: 3/15 runes: serpentine, barnacled, slimy
a: Blink, Renounce Religion


You were on level 25 of a ziggurat.
You worshipped Sif Muna.
Sif Muna was extremely pleased with you.
You were not hungry.

You visited 8 branches of the dungeon, and saw 43 of its levels.
You visited 2 bazaars.
You visited 2 ziggurats (completing 1), and saw 52 of their levels.
You also visited: Labyrinth and Bailey.

You collected 5823 gold pieces.
You spent 3529 gold pieces at shops.

Inventory:

Hand Weapons
 r - the +9 spear "Beg Jous" {holy, rF++ rN+ MR+}
   (You found it on level 7 of the Dungeon)

   It has been blessed by the Shining One to cause great damage to the undead
   and demons.
   It greatly protects you from fire.
   It protects you from negative energy.
   It affects your resistance to hostile enchantments.
 S - the +7 long sword of the Ancients (weapon) {drain, rPois rN+ Int+6 Dex-2}
   (You found it on level 3 of the Elven Halls)

   A truly terrible weapon, it drains the life of those it strikes.
   It affects your intelligence (+6).
   It affects your dexterity (-2).
   It protects you from poison.
   It protects you from negative energy.
Missiles
 Q - 22 throwing nets (quivered)
Armour
 V - the -2 hat of the Alchemist (worn) {rElec rPois rF+ rC+ rN+ MR+ rMut rCorr}
   (You found it on level 22 of a ziggurat)

   It protects you from fire.
   It protects you from cold.
   It insulates you from electricity.
   It protects you from poison.
   It protects you from negative energy.
   It affects your resistance to hostile enchantments.
   It protects you from acid and corrosion.
   It protects you from mutation.
 Z - the +2 shield of Words of Power (worn) {*Contam rN+ Int+4 Stlth+}
   (You bought it in a shop on level 2 of the Orcish Mines)

   It affects your intelligence (+4).
   It protects you from negative energy.
   It causes magical contamination when unequipped.
   It makes you more stealthy.
Magical Staves
 H - an uncursed staff of power {!a}
Jewellery
 h - a ring of the Octopus King {AC+1 EV+1 Str+1 Int+1 Dex+1 SInv}
   (You found it on level 23 of a ziggurat)

   [ring of see invisible]

   It affects your AC (+1).
   It affects your evasion (+1).
   It affects your strength (+1).
   It affects your intelligence (+1).
   It affects your dexterity (+1).
   It lets you see invisible.
 k - the ring "Jokhlir" {+Inv rN+}
   (You found it on level 23 of a ziggurat)

   [ring of positive energy]

   It protects you from negative energy.
   It lets you turn invisible.
 o - a +4 ring of intelligence (on tentacle)
 s - a +5 ring of intelligence (on tentacle)
 y - the ring of the Dragon (on tentacle) {Int+2 Dex+4 Slay+3 SInv}
   (You found it on level 18 of a ziggurat)

   [ring of see invisible]

   It affects your intelligence (+2).
   It affects your dexterity (+4).
   It affects your accuracy and damage with ranged weapons and melee attacks
   (+3).
   It lets you see invisible.
 z - the ring "Roliucs" (on tentacle) {Fire rN+}
   (You found it on level 20 of a ziggurat)

   [ring of fire]

   It enhances your fire magic.
   It protects you from fire.
   It makes you vulnerable to cold.
   It protects you from negative energy.
 A - an amulet of magic regeneration (around mantle)
 J - the ring of Sioqeduk {+Blink rElec rC+ Dex+2 Stlth-}
   (You found it on level 11 of a ziggurat)

   [ring of loudness]

   It affects your dexterity (+2).
   It protects you from cold.
   It insulates you from electricity.
   It lets you blink.
   It makes you less stealthy.
 K - a ring of magical power (left tentacle)
 T - the ring of Phasing (on tentacle) {EV+8}
   (You found it on level 8 of a ziggurat)

   [ring of evasion]

   It affects your evasion (+8).
 W - a ring of wizardry (on tentacle)
 X - a +4 ring of intelligence (right tentacle)
 Y - the ring "Ysureamou" {Ice +Fly}
   (You found it on level 24 of a ziggurat)

   [ring of ice]

   It enhances your ice magic.
   It makes you vulnerable to fire.
   It protects you from cold.
   It lets you fly.
Wands
 D - a wand of iceblast (11)
 G - a wand of digging (9)
 M - a wand of clouds (12)
 P - a wand of acid (14)
Scrolls
 a - 12 scrolls of identify
 e - 17 scrolls of fear
 g - 16 scrolls of fog
 i - 25 scrolls of remove curse
 m - 2 scrolls of immolation
 p - 22 scrolls of blinking
 q - 10 scrolls of magic mapping
 w - 49 scrolls of teleportation
 N - 11 scrolls of holy word
 O - 4 scrolls of enchant weapon
Potions
 b - 15 potions of curing
 f - a potion of invisibility
 j - 19 potions of heal wounds
 l - 6 potions of agility
 n - 9 potions of brilliance
 t - 8 potions of flight
 u - 15 potions of haste
 v - a potion of resistance
 C - 7 potions of might
 F - 8 potions of cancellation
 L - 2 potions of magic
 R - a potion of ambrosia
 U - 29 potions of mutation
Miscellaneous
 d - 14 boxes of beasts
 I - a lightning rod (4/4)
Comestibles
 c - 60 rations


   Skills:
 + Level 21.7 Fighting
 - Level 10.6 Dodging
 - Level 2.6 Stealth
 - Level 15.0 Shields
 O Level 27 Spellcasting
 - Level 19.1 Conjurations
 - Level 7.9 Charms
   Level 1.0 Summonings
 - Level 17.7 Necromancy
 - Level 12.7 Translocations
 - Level 16.6 Transmutations
 - Level 20.4 Fire Magic
 - Level 13.9 Ice Magic
 - Level 16.9 Earth Magic
 O Level 27 Invocations
 - Level 17.0 Evocations


You had 4 spell levels left.
You knew the following spells:

 Your Spells              Type           Power        Failure   Level  Hunger
a - Necromutation         Tmut/Necr      ########..   1%          8    None
b - Apportation           Tloc           ######       0%          1    None
c - Fire Storm            Conj/Fire      #########.   1%          9    None
d - Controlled Blink      Tloc           N/A          1%          8    None
e - Statue Form           Tmut/Erth      ########.    0%          6    None
f - Shatter               Erth           ########..   4%          9    None
g - Ignition              Fire           #########.   1%          8    None
h - Orb of Destruction    Conj           ########..   1%          7    None
i - Regeneration          Chrm/Necr      ########..   0%          3    None
j - Glaciate              Conj/Ice       ########..   5%          9    None
k - Death's Door          Chrm/Necr      ########..   1%          8    None

Your spell library contained the following spells:

 Spells                   Type           Power        Failure   Level  Hunger
 Cause Fear               Hex            ######....   1%          4    None
 Magic Dart               Conj           ####         0%          1    None
 Fireball                 Conj/Fire      #########.   0%          5    None
 Conjure Flame            Conj/Fire      ########     0%          3    None
 Bolt of Fire             Conj/Fire      #########.   0%          6    None
 Bolt of Cold             Conj/Ice       ########..   0%          6    None
 Lightning Bolt           Conj/Air       ########..   1%          5    None
 Bolt of Magma            Conj/Fire/Erth #########.   0%          5    None
 Slow                     Hex            ######..     1%          2    None
 Confuse                  Hex            ######..     1%          3    None
 Invisibility             Hex            ######..     7%          6    None
 Throw Flame              Conj/Fire      ######       0%          2    None
 Throw Frost              Conj/Ice       ######       0%          2    None
 Freezing Cloud           Conj/Ice/Air   ########..   1%          6    None
 Mephitic Cloud           Conj/Pois/Air  #######.     1%          3    None
 Ring of Flames           Chrm/Fire      ########..   1%          7    None
 Venom Bolt               Conj/Pois      ########..   1%          5    None
 Olgreb's Toxic Radiance  Pois           ######..     1%          4    None
 Teleport Other           Tloc           ########     0%          3    None
 Summon Small Mammal      Summ           ####         1%          1    None
 Bolt of Draining         Conj/Necr      ########..   0%          5    None
 Lehudib's Crystal Spear  Conj/Erth      ########..   1%          8    None
 Blink                    Tloc           N/A          0%          2    None
 Iskenderun's Mystic Bla  Conj           ########     0%          4    None
 Summon Horrible Things   Summ           ######....   86%         8    None
 Animate Dead             Necr           N/A          0%          4    None
 Pain                     Necr           ####         0%          1    None
 Animate Skeleton         Necr           N/A          0%          1    None
 Vampiric Draining        Necr           ########..   0%          3    None
 Haunt                    Necr/Summ      ########..   1%          7    None
 Borgnjor's Revivificati  Necr           ########..   1%          8    None
 Freeze                   Ice            ####         0%          1    None
 Ozocubu's Refrigeration  Ice            ########..   1%          6    None
 Sticky Flame             Conj/Fire      ########     0%          4    None
 Summon Ice Beast         Ice/Summ       ########     1%          4    None
 Ozocubu's Armour         Chrm/Ice       ########     0%          3    None
 Call Imp                 Summ           ######..     1%          2    None
 Dispel Undead            Necr           ########     0%          5    None
 Poison Arrow             Conj/Pois      ########..   1%          6    None
 Sting                    Conj/Pois      ####         0%          1    None
 Sublimation of Blood     Necr           ########..   0%          2    None
 Tukima's Dance           Hex            ######..     1%          3    None
 Summon Demon             Summ           ######....   1%          5    None
 Summon Greater Demon     Summ           ######....   24%         7    None
 Corpse Rot               Necr           N/A          0%          2    None
 Iron Shot                Conj/Erth      ########..   0%          6    None
 Stone Arrow              Conj/Erth      ######       0%          3    None
 Shock                    Conj/Air       ####         0%          1    None
 Swiftness                Chrm/Air       #######.     1%          2    None
 Recall                   Summ/Tloc      N/A          0%          3    None
 Agony                    Necr           ########     0%          5    None
 Spider Form              Tmut/Pois      ########..   0%          3    None
 Blade Hands              Tmut           ########..   0%          5    None
 Ice Form                 Ice/Tmut       ########     0%          4    None
 Dragon Form              Tmut           ########..   1%          7    None
 Death Channel            Necr           ########..   0%          6    None
 Deflect Missiles         Chrm/Air       #######...   1%          6    None
 Throw Icicle             Conj/Ice       ########     0%          4    None
 Airstrike                Air            ######....   1%          4    None
 Shadow Creatures         Summ           N/A          4%          6    None
 Confusing Touch          Hex            ######       1%          1    None
 Flame Tongue             Conj/Fire      #####        0%          1    None
 Passwall                 Tmut/Erth      ########     0%          2    None
 Ignite Poison            Fire/Tmut/Pois ########     0%          3    None
 Sticks to Snakes         Tmut           ########     0%          2    None
 Call Canine Familiar     Summ           ######..     1%          3    None
 Ensorcelled Hibernation  Hex/Ice        ######       0%          2    None
 Metabolic Englaciation   Hex/Ice        ########..   1%          5    None
 Summon Butterflies       Summ           ######..     1%          1    None
 Silence                  Hex/Air        ######....   1%          5    None
 Dispersal                Tloc           ########..   1%          6    None
 Static Discharge         Conj/Air       ########     0%          3    None
 Corona                   Hex            ######.      1%          1    None
 Alistair's Intoxication  Tmut/Pois      ########     1%          5    None
 Lee's Rapid Deconstruct  Erth           ########..   0%          5    None
 Sandblast                Erth           ######       0%          1    None
 Simulacrum               Ice/Necr       ########..   1%          6    None
 Conjure Ball Lightning   Conj/Air       ########..   1%          6    None
 Chain Lightning          Conj/Air       ########..   6%          8    None
 Excruciating Wounds      Chrm/Necr      ########..   0%          5    None
 Portal Projectile        Hex/Tloc       ######       1%          3    None
 Monstrous Menagerie      Summ           ######....   24%         7    None
 Petrify                  Tmut/Erth      ########     0%          4    None
 Passage of Golubria      Tloc           N/A          0%          4    None
 Malign Gateway           Summ/Tloc      #######...   2%          7    None
 Tornado                  Air            ######....   100%        9    None
 Leda's Liquefaction      Hex/Erth       ########..   1%          4    None
 Summon Hydra             Summ           ######....   24%         7    None
 Darkness                 Hex            ######....   7%          6    None
 Shroud of Golubria       Chrm/Tloc      ########..   0%          2    None
 Inner Flame              Hex/Fire       ########     0%          3    None
 Aura of Abjuration       Summ           ######....   1%          5    None
 Beastly Appendage        Tmut           ######       0%          1    None
 Disjunction              Tloc           ########..   1%          8    None
 Iskenderun's Battlesphe  Conj/Chrm      ########     0%          5    None
 Fulminant Prism          Conj/Hex       ########..   0%          4    None
 Dazzling Spray           Conj/Hex       ######       0%          3    None
 Force Lance              Conj/Tloc      ########     0%          4    None
 Infusion                 Chrm           ####         0%          1    None
 Song of Slaying          Chrm           ########     0%          2    None
 Spectral Weapon          Hex/Chrm       #######.     1%          3    None
 Searing Ray              Conj           ######       0%          2    None
 Discord                  Hex            ######....   94%         8    None
 Summon Forest            Summ/Tloc      #######...   1%          5    None
 Summon Lightning Spire   Summ/Air       ######..     1%          4    None
 Summon Guardian Golem    Hex/Summ       ######..     1%          3    None
 Dragon's Call            Summ           ######....   100%        9    None
 Spellforged Servitor     Conj/Summ      ########..   1%          7    None
 Summon Mana Viper        Hex/Summ       ######..     1%          5    None
 Hydra Form               Tmut           ########..   0%          6    None
 Irradiate                Conj/Tmut      ########..   0%          5    None
 Gell's Gravitas          Tloc           ########..   0%          3    None
 Yara's Violent Unravell  Hex/Tmut       ########..   1%          5    None
 Infestation              Necr           ########..   1%          8    None
 Lesser Beckoning         Tloc           ########..   0%          3    None
 Poisonous Vapours        Pois/Air       ######       1%          2    None
 Borgnjor's Vile Clutch   Necr/Erth      ########..   0%          5    None


Dungeon Overview and Level Annotations

Branches:
Dungeon (15/15)            Temple (0/1) D:5            Lair (6/6) D:8
 Shoals (4/4) Lair:4        Snake (4/4) Lair:2        Slime (5/5) Lair:5
    Orc (2/2) D:11            Elf (3/3) Orc:2        Depths (4/5) D:15
 Vaults: D:13-14

Altars:
Dithmenos
Hepliaklqana
Makhleb
Okawaru
Qazlal
Ru
Sif Muna
Vehumet
Wu Jian
Xom
Yredelemnul
Zin
Beogh
Jiyva

Shops:
D:4 [   D:5 %([   D:6 *   D:9 *   D:10 !   Orc:2 =[!(!(}!   Elf:2 ?[(?(
Elf:3 (   Shoals:2 *   Snake:1 *(

Portals:
Hell: Depths:2
Abyss: Depths:2 Depths:4
Pandemonium: Depths:2

Annotations:
Lair:4 SHOALS
Shoals:3 Polyphemus
Depths:4 1 runed door


Innate Abilities, Weirdness & Mutations

You cannot wear most types of armour.
You are very stealthy in the water. (Stealth+)
You are amphibious.
You can wear up to eight rings at the same time.
You can use your tentacles to constrict eight enemies at once.
Your skin changes colour to match your surroundings (Stealth+).
Your rubbery body absorbs attacks. (AC +1, EV +1)
You can translocate small distances at will.
You passively map a small area around you.


Message History

Kaogh flickers and vanishes for a moment.
Dibbaih gestures.
The Killer Klown blinks!
Quecs gestures at you.
You are blasted!
* * * LOW HITPOINT WARNING * * *
Xutoudoc gestures.
The dungeon shakes, a horrible noise fills the air, and a portal to some otherworldly place is opened!
Ruzxasch gestures.
Ruzxasch's surroundings become eerily quiet.
A slime creature comes into view.
Zieghump is engulfed in calcifying dust.
The large abomination is engulfed in calcifying dust.
The large abomination stops moving altogether!
The alligator bites you.
* * * LOW HITPOINT WARNING * * *
The alligator tail-slaps you.
* * * LOW HITPOINT WARNING * * *
The iron giant throws the Killer Klown at you!
You die...

▓...&..............≈ ,
▓∩......&......J.&.....
,
▓.....§........&u.2....
▓.p.......C....YDD.....,
,
▓§...§......&.Xu&......
,
▓N........2..Xp&D......
▓...........J1XD4......
▓p......&§..pp&p&&.....
▓▓▓▓▓▓▓▓▓▓▓▓▓▓&@t......
,, * ▓Xp.......
▓........., ▓.........,
, ▓........., ▓.........
* ▓......... ▓.........
* **


You could see an iron giant, Ciwo, Dibbaih, Esuv, Jixeipuu, Kaogh (invisible),
Quecs (petrifying), Ruzxasch, Uvisaem, Xutoudoc, Zieghump (petrified), Zuah
(petrifying), 5 Killer Klowns, 3 shadow dragons, a green very ugly thing, a
quicksilver dragon (petrifying), an azure jelly, a catoblepas, an alligator, 2
green deaths, a green ugly thing, an Executioner, a slime creature, 4 large
abominations and a chaos spawn.

Vanquished Creatures
  16 pandemonium lords
  the Royal Jelly (Slime:5)
  3 ancient liches
  Mara (Elf:3)
  19 juggernauts
  2 greater mummies (Zig:6)
  9 shard shrikes (Zig:24)
  A caustic shrike (Zig:14)
  8 Killer Klowns
  18 golden dragons
  2 profane servitors
  Nikola (Elf:2)
  3 bone dragons (Zig:23)
  11 iron giants
  8 pearl dragons (Zig:21)
  An electric golem (Zig:15)
  6 Brimstone Fiends
  8 hellephants
  3 Tzitzimimeh
  10 Ice Fiends
  20 tentacled monstrosities
  7 Hell Sentinels
  3 liches
  8 deep elf blademasters
  3 quicksilver dragons (Zig:27)
  4 deep elf master archers
  17 titans
  10 Executioners
  8 ancient champions (Zig:23)
  50 acid blobs
  4 sphinxes
  10 draconian monks
  4 shadow dragons (Zig:16)
  2 warmongers (Zig:20)
  6 thorn hunters
  3 storm dragons (Zig:15)
  A tengu reaver (Zig:13)
  11 revenants (Zig:23)
  32 frost giants
  49 nagarajas
  The ghost of Gorglomux the Warrior, a journeyman MiAK of Makhleb (Orc:2)
  Ilsuiw (Shoals:4)
  Louise (Shoals:4)
  15 draconian knights
  14 daevas (Zig:21)
  5 deep elf sorcerers
  35 azure jellies
  8 fire giants
  20 orc warlords
  3 cacodemons
  An iron dragon (shapeshifter) (Zig:11)
  17 ghost moths
  An iron dragon (Depths:2)
  2 ironheart preservers (Zig:13)
  3 balrugs
  7 draconian scorchers
  2 ghouls (Zig:23)
  6 angels (Zig:21)
  14 emperor scorpions
  3 draconian shifters (Zig:20)
  4 deep elf elementalists (Elf:3)
  9 draconian stormcallers
  4 curse skulls (Zig:23)
  2 spriggan defenders (Depths:4)
  12 draconian annihilators
  8 reapers
  9 ophanim (Zig:21)
  11 stone giants
  15 very ugly things
  7 entropy weavers
  4 blood saints (Zig:20)
  A stone giant (shapeshifter) (Zig:25)
  2 bennus (Zig:6)
  10 vampire knights (Zig:23)
  3 green draconians (Zig:20)
  9 deep elf demonologists
  9 corrupters
  2 lorocyprocas
  6 black suns
  A white draconian (Zig:4)
  10 apis (Zig:21)
  5 black draconians
  8 deep elf annihilators
  5 dire elephants
  4 purple draconians
  A dire elephant (shapeshifter) (Zig:11)
  A minotaur (Lab)
  2 yellow draconians (Zig:20)
  Snorg (Lair:6)
  8 eidola
  7 spark wasps
  9 merfolk javelineers
  17 ettins
  15 blizzard demons
  17 death oozes
  5 fire dragons
  5 mummy priests (Zig:6)
  32 green deaths
  9 merfolk impalers
  14 deep elf death magi
  A spectral golden dragon (Zig:16)
  5 deep elf high priests
  2 yaktaur captains
  Josephine (Orc:2)
  7 great orbs of eyes
  Fannar (Lair:1)
  4 centaur warriors
  8 merfolk aquamancers
  61 hydras
  23 naga warriors
  9 ice dragons
  3 merfolk avatars (Shoals:4)
  2 satyrs
  3 catoblepae
  4 rakshasas
  A death knight (Zig:16)
  5 ghost crabs
  9 anacondas
  2 hell beasts
  8 ogre magi
  6 spriggan air magi
  20 two-headed ogres
  3 alligator snapping turtles
  26 naga sharpshooters
  A two-headed ogre (shapeshifter) (Zig:8)
  25 dancing weapons
  A small abomination (Elf:3)
  23 alligators
  3 deep troll earth magi
  5 deep troll shamans
  2 hell hogs (Zig:9)
  A tengu warrior (D:15)
  11 death yaks
  2 spriggan berserkers
  6 vampire magi (Zig:23)
  23 orc high priests
  19 deep elf knights
  2 hell knights (Depths:2)
  A shock serpent (shapeshifter) (Zig:13)
  18 shock serpents
  5 soul eaters
  8 salamander mystics
  2 sixfirhies
  9 spriggans
  11 shadow wraiths
  10 iron trolls
  2 spark wasp zombies
  12 cherubim (Zig:21)
  15 sea snakes
  23 death drakes
  A sea snake (shapeshifter) (Zig:13)
  2 unseen horrors
  5 glowing orange brains
  5 shadow demons
  A golden dragon zombie (Depths:4)
  A quicksilver dragon simulacrum (Zig:24)
  23 deep trolls
  2 flayed ghosts (Zig:23)
  29 swamp dragons
  13 spriggan druids
  13 deep elf archers
  21 shambling mangroves
  13 naga ritualists
  A lindwurm (shapeshifter) (Zig:13)
  A wizard (Elf:1)
  6 phantasmal warriors (Zig:23)
  4 lindwurms
  3 necromancers
  11 shining eyes
  3 harpies (Shoals:4)
  17 orb spiders
  7 orc knights
  2 sphinx zombies (Depths:4)
  A wolf spider zombie (D:13)
  8 mana vipers
  9 orc sorcerers
  4 oklob plants (Zig:19)
  59 deep elf magi
  A golden dragon skeleton (Depths:4)
  2 fire giant zombies
  20 wolf spiders
  A wolf spider (shapeshifter) (Zig:13)
  24 ugly things
  A frost giant zombie (Zig:9)
  24 cyclopes
  19 manticores
  7 fauns
  3 ironbrand convokers
  A tengu skeleton (Zig:9)
  5 salamanders
  2 sphinx skeletons
  An elephant (shapeshifter) (Zig:8)
  2 fire giant skeletons (Zig:9)
  4 vault sentinels
  2 rust devils
  8 elephants
  4 centaur zombies
  23 moths of wrath
  19 merfolk sirens
  An ice statue (Zig:3)
  23 naga magi
  3 orange demons
  61 black mambas
  2 water nymphs
  A water nymph (shapeshifter) (Zig:13)
  13 torpor snails
  29 guardian serpents
  3 gargoyles
  5 eyes of devastation
  2 smoke demons
  A spectral elf (Zig:16)
  An apocalypse crab (Zig:11)
  26 spiny frogs
  An elf skeleton (Zig:9)
  A titan simulacrum (Zig:24)
  9 yaktaurs
  2 elf zombies
  A kobold demonologist (D:15)
  3 rime drakes (Zig:24)
  2 yaktaurs (shapeshifter)
  A hellion (Zig:7)
  11 komodo dragons
  2 guardian mummies (Zig:6)
  13 demonic crawlers
  3 freezing wraiths
  A tengu conjurer (D:15)
  2 red devils
  8 ice devils (Zig:24)
  7 tormentors
  2 large abominations (Zig:14)
  31 merfolk
  A hellwing (Zig:14)
  24 trolls
  A troll (shapeshifter) (Zig:16)
  14 jumping spiders
  26 tyrant leeches
  3 polar bears
  A merfolk (shapeshifter) (Zig:11)
  6 raiju (Zig:15)
  19 bog bodies
  3 wind drakes
  66 hornets
  A slime creature (shapeshifter) (Zig:13)
  12 snapping turtles
  30 blink frogs
  125 slime creatures
  16 dream sheep
  13 hippogriffs
  2 tarantellas (shapeshifter)
  2 flying skulls (Zig:6)
  2 air elementals (Zig:15)
  13 water elementals
  8 wraiths
  13 redbacks
  4 wyverns
  3 shadows
  9 tarantellas
  A vampire (D:9)
  Eustachio (D:6)
  4 fire elementals
  2 hungry ghosts
  A ynoxinul (Zig:20)
  53 yaks
  A chaos spawn (Zig:11)
  An ushabti (Zig:6)
  A basilisk (Zig:14)
  5 golden eyes
  11 vampire mosquitoes
  13 insubstantial wisps
  An acid dragon (D:14)
  A human zombie (Zig:9)
  10 wargs
  55 nagas
  12 water moccasins
  11 porcupines
  A soldier ant (D:10)
  2 floating eyes
  22 swamp drakes
  A sky beast (D:13)
  23 ice beasts
  46 ogres
  2 black bears
  2 necrophages
  52 orc warriors
  3 phantoms
  A wolf (Zig:14)
  19 eyes of draining
  11 centaurs
  16 crocodiles
  10 boggarts
  An elf simulacrum (Zig:24)
  8 big kobolds
  6 gnoll sergeants
  15 bullfrogs
  2 earth elementals
  A scorpion (D:7)
  10 killer bees
  3 spriggan skeletons (Lab)
  5 wights (D:13)
  2 electric eels
  2 bullfrog zombies
  7 crimson imps
  17 hounds
  7 jellies
  A quasit (D:8)
  4 centaur skeletons
  12 orc priests
  3 bullfrog skeletons
  An iron imp (D:9)
  3 gnoll shamans
  3 iguanas
  16 orc wizards
  A lightning spire (Zig:15)
  12 worker ants
  Terence (D:3)
  A hound skeleton (D:4)
  2 hound zombies
  2 mummies (Zig:6)
  A worker ant zombie (D:8)
  39 gnolls
  16 adders
  A river rat (D:4)
  6 shadow imps
  A white imp (D:9)
  An adder skeleton (D:4)
  A worm (D:9)
  3 leopard geckos
  58 orcs
  4 ball pythons (D:4)
  4 giant cockroaches
  9 goblins
  11 hobgoblins
  6 jackals
  3 quokkas
  8 bats
  6 frilled lizards
  40 kobolds
  A leopard gecko skeleton (D:8)
  7 rats
  3 blocks of ice
  36 briar patches
  2 crawling corpses (Zig:16)
  81 fire vortices
  15 plants
3331 creatures vanquished.

Vanquished Creatures (collateral kills)
  A shard shrike (Zig:24)
  2 iron giants (Zig:23)
  A hellephant (Zig:12)
  An iron giant (shapeshifter) (Zig:11)
  A Tzitzimitl (Zig:16)
  2 tentacled monstrosities (Zig:18)
  A pandemonium lord (Zig:11)
  A quicksilver dragon (Depths:4)
  5 acid blobs
  2 nagarajas (Zig:27)
  A vault warden (Zig:13)
  A draconian knight (Zig:24)
  3 orc warlords
  An ironheart preserver (Zig:13)
  2 draconian annihilators (Zig:20)
  3 stone giants
  An ophan (Zig:21)
  An apis (Zig:21)
  A spark wasp (Zig:17)
  A white draconian (Zig:10)
  A yellow draconian (Zig:20)
  A lorocyproca (Zig:20)
  A spectral shadow dragon (Zig:16)
  A hydra (Zig:24)
  A two-headed ogre (Depths:3)
  A hell hog (Zig:9)
  A shock serpent (Zig:27)
  A shadow wraith (Zig:16)
  A swamp dragon (Zig:17)
  A cherub (Zig:21)
  2 death drakes
  A spriggan druid (Zig:21)
  A spectral iron dragon (Zig:16)
  3 shambling mangroves
  A mana viper (Zig:27)
  2 orb spiders
  A necromancer (Depths:4)
  An orc sorcerer (Zig:12)
  A shadow dragon skeleton (Depths:4)
  A torpor snail (Zig:25)
  A hellion (Zig:20)
  2 demonic crawlers
  A jumping spider (Zig:25)
  A hornet (Zig:21)
  A slime creature (Zig:18)
  A bog body (Zig:11)
  An air elemental (Zig:15)
  A water elemental (Zig:16)
  A wyvern (Zig:12)
  A warg (Zig:12)
  A naga (Zig:27)
  A floating eye (Zig:8)
  A swamp drake (Zig:21)
70 creatures vanquished.

Vanquished Creatures (others)
  A stone giant (Orc:2)
  2 two-headed ogres (Orc:2)
  A deep elf knight (Elf:2)
  A deep troll (Orc:2)
  An infernal demonspawn (Zig:14)
  A mana viper (shapeshifter) (Zig:25)
  A cyclops (Orc:2)
  A deep elf mage (Elf:3)
  A troll (shapeshifter) (Zig:25)
  4 trolls (Orc:2)
  A slime creature (Zig:19)
  4 dream sheep (Lair:6)
  A spriggan (Zig:11)
  A swamp drake (Zig:19)
  An orc warrior (Orc:2)
  11 ogres (Orc:2)
  An orc priest (Orc:2)
  2 gnolls (Orc:2)
  5 orcs
  2 briar patches (Zig:18)
  850 fire vortices
  3 fungi
  12 plants
908 creatures vanquished.

Grand Total: 4309 creatures vanquished

Notes
Turn   | Place    | Note
-------+----------+-------------------------------------------
     0 | D:1      | 4thArraOfDagon the Octopode Wizard began the quest for the Orb.
     0 | D:1      | Reached XP level 1. HP: 11/11 MP: 4/4
   160 | D:1      | Reached XP level 2. HP: 15/17 MP: 6/6
   313 | D:3      | Found an ornate altar of the Wu Jian Council.
   418 | D:3      | Reached XP level 3. HP: 6/21 MP: 1/7
   450 | D:3      | Noticed Terence
   471 | D:4      | Reached XP level 4. HP: 16/27 MP: 1/8
   475 | D:4      | Learned a level 2 spell: Slow
   479 | D:4      | Learned a level 3 spell: Conjure Flame
   483 | D:4      | Learned a level 3 spell: Mephitic Cloud
   484 | D:4      | Found Atuorgh's Antique Armour Shop.
   695 | D:5      | Entered Level 5 of the Dungeon
   704 | D:5      | Noticed a centaur
   717 | D:5      | Reached skill level 1 in Fire Magic
   767 | D:5      | Reached XP level 5. HP: 27/31 MP: 3/9
   843 | D:7      | Got an encrusted spear
   844 | D:7      | Identified the +9 spear "Beg Jous" {holy, rF++ rN+ MR+} (You found it on level 7 of the Dungeon)
   887 | D:7      | Found a sacrificial altar of Ru.
   928 | D:7      | Noticed a gargoyle
   979 | D:6      | Reached XP level 6. HP: 9/36 MP: 10/10
   985 | D:6      | Learned a level 2 spell: Blink
  1006 | D:6      | Reached skill level 5 in Conjurations
  1054 | D:6      | Found a deep blue altar of Sif Muna.
  1059 | D:6      | Noticed Eustachio
  1097 | D:6      | Found a stormy altar of Qazlal.
  1097 | D:6      | Found a shadowy altar of Dithmenos.
  1103 | D:6      | Became a worshipper of Sif Muna the Loreminder
  1269 | D:4      | Reached XP level 7. HP: 30/41 MP: 11/11
  1347 | D:3      | Killed Terence
  1445 | D:3      | Found an iron altar of Okawaru.
  1447 | D:3      | Reached skill level 1 in Invocations
  2093 | D:2      | Found a hazy altar of Hepliaklqana.
  2095 | D:2      | Found a shimmering altar of Xom.
  2095 | D:2      | Noticed a tentacled monstrosity
  2096 | D:2      | Noticed a spectral ugly thing
  2096 | D:2      | Noticed a tentacled monstrosity
  2122 | D:2      | ...
  2122 | D:2      | Found a radiant altar of Vehumet.
  3266 | D:5      | Found a staircase to the Ecumenical Temple.
  3285 | D:5      | Found a stormy altar of Qazlal.
  3340 | D:5      | Found Bashrivi's Antique Armour Boutique.
  3371 | D:5      | Found Axitziaf's Weapon Emporium.
  3381 | D:5      | Reached * piety under Sif Muna
  3388 | D:5      | Found a glowing silver altar of Zin.
  3388 | D:5      | Noticed an angel
  3397 | D:5      | Found a basalt altar of Yredelemnul.
  3514 | D:5      | Reached skill level 5 in Fire Magic
  3514 | D:5      | Reached XP level 8. HP: 46/46 MP: 9/12
  3543 | D:5      | Noticed a troll
  3577 | D:5      | Killed a troll
  3610 | D:5      | Found Gufrimiv's Food Boutique.
  3657 | D:4      | Bought a glowing hat for 217 gold pieces
  3667 | D:4      | ...
  3871 | D:6      | Found a burning altar of Makhleb.
  3930 | D:6      | useless
  3935 | D:6      | Killed Eustachio
  4082 | D:6      | Found Wifar's General Store.
  4102 | D:6      | Bought a potion of might for 48 gold pieces
  4102 | D:6      | Bought a scroll of blinking for 90 gold pieces
  4102 | D:6      | Bought a scroll of teleportation for 36 gold pieces
  4271 | D:7      | Reached ** piety under Sif Muna
  4332 | D:8      | Found a staircase to the Lair.
  4405 | D:8      | Reached XP level 9. HP: 37/51 MP: 13/13
  5053 | D:9      | HP: 2/51 [vampire (15)]
  5068 | D:9      | Noticed a troll
  5106 | D:9      | Killed a troll
  5134 | D:9      | Reached *** piety under Sif Muna
  5196 | D:9      | Found Gisaibeic's Assorted Antiques.
  5205 | D:9      | Bought a scroll labeled JARAEBB VUGAYF for 28 gold pieces
  5205 | D:9      | Bought a scroll labeled YSEMPOUTIM for 28 gold pieces
  5205 | D:9      | Bought a smoky dark potion for 25 gold pieces
  5205 | D:9      | Bought a scroll labeled TAOTAED ARGHESK for 28 gold pieces
  5270 | D:9      | Reached skill level 5 in Invocations
  5594 | D:9      | Found a flagged portal.
  5609 | Bailey   | Entered a bailey
  5644 | Bailey   | Noticed an orc warlord
  5717 | Bailey   | Reached XP level 10. HP: 49/56 MP: 14/14
  5727 | Bailey   | Found a runed gate.
  5727 | Bailey   | Found a runed gate.
  5753 | Bailey   | Found a runed gate.
  5999 | Bailey   | Killed an orc warlord
  5999 | Bailey   | Reached **** piety under Sif Muna
  5999 | Bailey   | Reached skill level 10 in Conjurations
  6025 | Bailey   | Got a transparent trident
  6039 | Bailey   | Identified the cursed +1 trident "Ustim" {freeze, Str+7} (You found it in a bailey)
  6497 | D:9      | Noticed a deep elf mage
  6544 | D:9      | Noticed a deep elf mage
  6551 | D:9      | Killed a deep elf mage
  6657 | D:9      | Killed a deep elf mage
  6657 | D:9      | Reached ***** piety under Sif Muna
  6657 | D:9      | Identified Sif Muna's Handbook of Ashen Flames (Sif Muna gifted it to you on level 9 of the Dungeon)
  6657 | D:9      | Received a gift from Sif Muna
  6661 | D:9      | sadness
  6670 | D:9      | Learned a level 1 spell: Flame Tongue
  6699 | D:9      | Paralysed by a hornet for 2 turns
  6730 | D:9      | Reached skill level 10 in Fire Magic
  6800 | D:10     | Entered Level 10 of the Dungeon
  6818 | D:10     | Reached XP level 11. HP: 29/61 MP: 9/16
  6919 | D:10     | Reached skill level 5 in Spellcasting
  6919 | D:10     | Reached XP level 12. HP: 46/66 MP: 16/19
  6920 | D:10     | Identified Sif Muna's Collected Works on Unstable Earth (Sif Muna gifted it to you on level 10 of the Dungeon)
  6920 | D:10     | Received a gift from Sif Muna
  6920 | D:10     | Reached XP level 13. HP: 50/71 MP: 16/23
  6931 | D:10     | Learned a level 8 spell: Ignition
  7087 | D:10     | Reached skill level 1 in Fighting
  7307 | D:10     | Got a sparkling bronze ring
  7308 | D:10     | Identified the ring "Ceim" {Slay+5 Stlth-} (You found it on level 10 of the Dungeon)
  7380 | D:10     | Found Vevveic's Distillery.
  7383 | D:10     | Bought a potion of mutation for 136 gold pieces
  7383 | D:10     | Gained mutation: You evolve. [potion of mutation]
  7383 | D:10     | Gained mutation: Your mind is acute. (Int +2) [potion of mutation]
  7545 | D:10     | Got a bloodstained spear
  7548 | D:10     | Identified the +0 spear of Growth {holy, MR+ Int+3 Dex+3} (You found it on level 10 of the Dungeon)
  7687 | D:11     | Found a staircase to the Orcish Mines.
  7853 | D:11     | Found a labyrinth entrance.
  7877 | Lab      | Entered a labyrinth
  8201 | Lab      | Thaneod: spear name sounds like Big Jesus:)
  8338 | Lab      | Noticed a minotaur
  8341 | Lab      | 4thArraOfDagon: no tools
  8341 | Lab      | magipi: imp, imp?
  8341 | Lab      | Thaneod: brilliance?
  8341 | Lab      | Thaneod: might + haste?
  8341 | Lab      | 4thArraOfDagon: and what, ignition?
  8341 | Lab      | 4thArraOfDagon: no chance
  8381 | Lab      | Killed a minotaur
  8385 | Lab      | magipi: nice
  8388 | Lab      | 4thArraOfDagon: bang
  8391 | Lab      | Identified the Disquisition on Curses
  8399 | Lab      | Thaneod: more evo!
  8863 | D:11     | Got a bloodstained falchion
  8864 | D:11     | Identified the +9 falchion of Somewhere Else {pain, *Corrode rN++ MP+9} (You found it on level 11 of the Dungeon)
  8865 | D:11     | :)
  9189 | D:12     | Identified Sif Muna's Collected Works on the Enthralling Voyage (Sif Muna gifted it to you on level 12 of the Dungeon)
  9189 | D:12     | Received a gift from Sif Muna
  9306 | Orc:1    | Entered Level 1 of the Orcish Mines
 10419 | D:14     | Reached XP level 14. HP: 85/85 MP: 19/26
 10487 | D:15     | Entered Level 15 of the Dungeon
 11059 | D:15     | Identified Sif Muna's Guide on Conjuration (Sif Muna gifted it to you on level 15 of the Dungeon)
 11059 | D:15     | Received a gift from Sif Muna
 11066 | D:15     | Reached skill level 10 in Invocations
 11079 | D:15     | Learned a level 5 spell: Bolt of Magma
 11137 | D:15     | Reached skill level 5 in Fighting
 11482 | Orc:2    | Entered Level 2 of the Orcish Mines
 11482 | Orc:2    | Found a flickering gateway to a bazaar.
 11905 | Orc:2    | Noticed Gorglomux's ghost (journeyman MiAK)
 11998 | Orc:2    | Killed a stone giant
 12001 | Orc:2    | Reached skill level 15 in Fire Magic
 12048 | Bazaar   | Entered a bazaar
 12048 | Bazaar   | Found Oschuejea's Book Boutique.
 12057 | Bazaar   | Found Xotsecva's Distillery.
 12072 | Bazaar   | Found Dufat's Antique Armour Shop.
 12072 | Bazaar   | Found Wocvuut's Weapon Boutique.
 12079 | Bazaar   | Found Fovvoudime's Weapon Emporium.
 12108 | Bazaar   | Bought 2 potions of heal wounds for 150 gold pieces
 12108 | Bazaar   | Bought a potion of haste for 150 gold pieces
 12108 | Bazaar   | Bought a potion of haste for 150 gold pieces
 12207 | Orc:2    | Found Ebloy's Antique Weapon Shoppe.
 12231 | Orc:2    | Found Hecs's Jewellery Shoppe.
 12238 | Orc:2    | Found Vexkinyw's Distillery.
 12244 | Orc:2    | Bought an uncursed ring of wizardry for 360 gold pieces
 12252 | Orc:2    | Found Ubauph's Armour Emporium.
 12271 | Orc:2    | Found Cubiupt's Gadget Boutique.
 12272 | Orc:2    | Found Piesid's Distillery.
 12433 | Orc:2    | Noticed Josephine
 12446 | Orc:2    | Found a staircase to the Elven Halls.
 12482 | Orc:2    | Killed Josephine
 12525 | Orc:2    | Found a roughly hewn altar of Beogh.
 12534 | Orc:2    | Found Hetsomede's Weapon Shop.
 12538 | Orc:2    | Found Uschao's Distillery.
 12681 | Orc:2    | Bought the +2 shield of Words of Power {*Contam rN+ Int+4 Stlth+} for 406 gold pieces
 12963 | Orc:2    | Bought a potion of brilliance for 56 gold pieces
 12963 | Orc:2    | Bought a potion of brilliance for 56 gold pieces
 12963 | Orc:2    | Bought a potion of heal wounds for 70 gold pieces
 13109 | Lair:1   | Entered Level 1 of the Lair of Beasts
 13114 | Lair:1   | Noticed Fannar
 13136 | Lair:1   | Killed Fannar
 13136 | Lair:1   | Reached skill level 1 in Shields
 13725 | Lair:2   | Identified Sif Muna's Papyrus of Dark Arcane Weapons (Sif Muna gifted it to you on level 2 of the Lair of Beasts)
 13725 | Lair:2   | Received a gift from Sif Muna
 13735 | Lair:2   | Learned a level 7 spell: Orb of Destruction
 13910 | Lair:2   | Gained mutation: You do not regenerate when monsters are visible. [evolution]
 13911 | Lair:2   | Lost mutation: You evolve. [potion of mutation]
 13911 | Lair:2   | Lost mutation: You do not regenerate when monsters are visible. [potion of mutation]
 13911 | Lair:2   | Lost mutation: Your mind is acute. (Int +2) [potion of mutation]
 13911 | Lair:2   | Gained mutation: You can translocate small distances at will. [potion of mutation]
 13911 | Lair:2   | Gained mutation: Your flesh is cold resistant. (rC+) [potion of mutation]
 14127 | Lair:3   | Reached XP level 15. HP: 92/92 MP: 8/28
 14794 | Lair:5   | Reached skill level 10 in Spellcasting
 15077 | Lair:5   | Found a runed door.
 15078 | Lair:5   | Found a viscous altar of Jiyva.
 15085 | Lair:5   | Found a staircase to the Slime Pits.
 15125 | Lair:6   | Entered Level 6 of the Lair of Beasts
 15198 | Lair:6   | Noticed Snorg
 15378 | Lair:6   | Identified Sif Muna's Almanac of the Glacier and Lightness (Sif Muna gifted it to you on level 6 of the Lair of Beasts)
 15378 | Lair:6   | Received a gift from Sif Muna
 15441 | Lair:6   | Found a runed door.
 15666 | Lair:6   | Reached skill level 5 in Shields
 16036 | Lair:6   | Reached ****** piety under Sif Muna
 16390 | Lair:6   | Killed Snorg
 16453 | Lair:6   | Found a shimmering altar of Xom.
 16505 | Lair:4   | Thaneod: ooo
 16506 | Lair:4   | Thaneod: jestes tam gdzie ja:)
 16506 | Lair:4   | 4thArraOfDagon: no, tylko niemam fireballa :D
 16506 | Lair:4   | 4thArraOfDagon: to moje czary
 16506 | Lair:4   | 4thArraOfDagon: zobaczymy jak pojdzie
 16506 | Lair:4   | Thaneod: a masz duzo artefaktow broni?
 16506 | Lair:4   | Thaneod: hah
 16506 | Lair:4   | 4thArraOfDagon: pare
 16506 | Lair:4   | Thaneod: mi tez dwa speary fajne wyjebalo na poczatku gry
 16530 | Lair:3   | Thaneod: chyba cos poprzestawiali:)
 16530 | Lair:3   | 4thArraOfDagon: chyba :p
 16535 | Lair:3   | Reached XP level 16. HP: 98/98 MP: 30/30
 16568 | Lair:3   | Thaneod: magical power ni ma?
 16577 | Lair:3   | Thaneod: i wez sobie od sif muny ksiazki
 16794 | Orc:2    | Killed Gorglomux's ghost
 16805 | Orc:2    | Bought a potion of brilliance for 52 gold pieces
 16805 | Orc:2    | Bought a potion of brilliance for 52 gold pieces
 16814 | Orc:2    | 4thArraOfDagon: claciate mam
 16814 | Orc:2    | 4thArraOfDagon: necro i cblink
 16814 | Orc:2    | Thaneod: btw wscisnij trzy razy !!!
 16814 | Orc:2    | 4thArraOfDagon: wszystko co mi dal
 16814 | Orc:2    | Thaneod: i mozesz ukrywac czary
 16814 | Orc:2    | Thaneod: wciskaj a
 16814 | Orc:2    | Thaneod: controlled blink:)
 16814 | Orc:2    | 4thArraOfDagon: o
 16814 | Orc:2    | 4thArraOfDagon: thx
 16814 | Orc:2    | 4thArraOfDagon: wygodne to
 16814 | Orc:2    | Thaneod: nom
 16816 | Orc:2    | Learned a level 1 spell: Apportation
 16816 | Orc:2    | Thaneod: przy kazdej ksiazce nowej najlepiej wciskac
 16821 | Orc:2    | Learned a level 4 spell: Sticky Flame
 16837 | Elf:1    | Entered Level 1 of the Elven Halls
 16935 | Elf:1    | 4thArraOfDagon: odkrycie roku :)
 17036 | Elf:2    | Found Kurhudyu's Antique Weapon Shoppe.
 17059 | Elf:2    | Found Daniligh's Magic Scroll Boutique.
 17059 | Elf:2    | Noticed Nikola
 17060 | Elf:2    | Thaneod: oj
 17060 | Elf:2    | 4thArraOfDagon: o kur
 17061 | Elf:2    | Thaneod: x3
 17143 | Elf:1    | Thaneod: mnie zabil osttanio w dwoch turach
 17334 | Elf:2    | Found Qimety's Antique Weapon Boutique.
 17362 | Elf:2    | Killed Nikola
 17377 | Elf:2    | Identified Jeymik's Volume of Conjuration (Sif Muna gifted it to you on level 2 of the Elven Halls)
 17377 | Elf:2    | Received a gift from Sif Muna
 17378 | Elf:2    | Thaneod: resist daje relec?
 17379 | Elf:2    | 4thArraOfDagon: daje
 17379 | Elf:2    | Thaneod: ooo
 17391 | Elf:2    | 4thArraOfDagon: haha
 17391 | Elf:2    | 4thArraOfDagon: czyli niebedziesz juz ginal na nikoli? :D
 17416 | Elf:2    | Thaneod: myslalem ze tylko rc+,rf+
 17420 | Elf:2    | 4thArraOfDagon: ??potion of res
 17420 | Elf:2    | XtahuaRules: I don't have a page labeled potion_of_res in my learndb.
 17420 | Elf:2    | 4thArraOfDagon: ??potion of resistance
 17420 | Elf:2    | XtahuaRules: potion of resistance[1/1]: Gives temporary resistance to fire, cold, electricity, acid, and poison. Duration is between 10 and 29 turns. Nice against Nikola, in Slime:6 and on Zot:5.
 17420 | Elf:2    | 4thArraOfDagon: duzo daje
 17430 | Elf:2    | Thaneod: hah
 17433 | Elf:2    | Thaneod: nice against Nikola
 17538 | Elf:2    | Found a huge runed gate.
 17538 | Elf:2    | Found a huge runed gate.
 17538 | Elf:2    | Found a huge runed gate.
 17538 | Elf:2    | Found a huge runed gate.
 17539 | Elf:2    | Found a huge runed gate.
 17539 | Elf:2    | Found a huge runed gate.
 17539 | Elf:2    | Found a huge runed gate.
 17540 | Elf:2    | Found a huge runed gate.
 17567 | Elf:2    | Found a runed gate.
 17567 | Elf:2    | Found a runed gate.
 17567 | Elf:2    | Found a runed gate.
 17705 | Elf:2    | Found a radiant altar of Vehumet.
 17774 | Elf:2    | Found Ejuzotach's Magic Scroll Shoppe.
 17776 | Elf:2    | Found a huge runed gate.
 17776 | Elf:2    | Found a huge runed gate.
 17776 | Elf:2    | Found a huge runed gate.
 17777 | Elf:2    | Found a huge runed gate.
 17778 | Elf:2    | Found a huge runed gate.
 17778 | Elf:2    | Found a huge runed gate.
 17778 | Elf:2    | Found a huge runed gate.
 17779 | Elf:2    | Found a huge runed gate.
 17780 | Elf:2    | Found a huge runed gate.
 17781 | Elf:2    | Found a huge runed gate.
 17806 | Elf:2    | Found Tutoq's Antique Armour Shop.
 17810 | Elf:2    | Thaneod: magic scroll shop
 17854 | Elf:2    | Found a huge runed gate.
 17854 | Elf:2    | Found a huge runed gate.
 17854 | Elf:2    | Found a huge runed gate.
 17858 | Elf:2    | Found a huge runed gate.
 17858 | Elf:2    | Found a huge runed gate.
 17859 | Elf:2    | Found a huge runed gate.
 17882 | Elf:2    | Bought a scroll of blinking for 120 gold pieces
 17882 | Elf:2    | Bought a scroll of teleportation for 48 gold pieces
 17882 | Elf:2    | 4thArraOfDagon: przyda sie
 17893 | Elf:3    | Entered Level 3 of the Elven Halls
 17918 | Elf:3    | Found Varioc's Antique Weapon Shoppe.
 17920 | Elf:3    | Thaneod: fajne wtjscie przy wejsciu
 18036 | Elf:3    | Learned a level 9 spell: Fire Storm
 18040 | Elf:3    | Thaneod: bedzie duzo elfow w środku, jak tutaj ni ma
 18094 | Elf:3    | Noticed Mara
 18107 | Elf:3    | Killed Mara
 18167 | Elf:3    | p0werm0de: youre tryin for this hardcore hiscore?
 18219 | Elf:3    | Thaneod: !beer p0werm0de
 18224 | Elf:3    | XtahuaRules: *XtahuaRules* slides a pint of root beer down the bar to p0werm0de, courtesy of Thaneod.
 18229 | Elf:3    | p0werm0de: thx m0n
 18229 | Elf:3    | 4thArraOfDagon: no, I won't ;)
 18229 | Elf:3    | 4thArraOfDagon: I'm aiming for max int
 18243 | Elf:3    | p0werm0de: kk cool
 18244 | Elf:3    | 4thArraOfDagon: so there will be lots of zigs I hope
 18249 | Elf:3    | p0werm0de: !hs * opwz -log
 18252 | Elf:3    | XtahuaRules: 38748. eld, XL27 OpWz, T:30852: https://webzook.net/soup/morgue/trunk/eld/morgue-eld-20171119-111551.txt
 18289 | Elf:3    | 4thArraOfDagon: !lg * max=int
 18289 | Elf:3    | XtahuaRules: 8907565. araganzar the Archmage (L27 OpWz of Cheibriados), escaped with the Orb and 15 runes on 2016-12-21 15:26:49, with 13384605 points after 124772 turns and 15:35:46.
 18289 | Elf:3    | 4thArraOfDagon: !lg * max=int -log
 18289 | Elf:3    | XtahuaRules: 8907568. araganzar, XL27 OpWz, T:124772: http://crawl.berotato.org/crawl/morgue/araganzar/morgue-araganzar-20161221-152649.txt
 18289 | Elf:3    | p0werm0de: room for improvement
 18289 | Elf:3    | p0werm0de: no int shield etc
 18289 | Elf:3    | 4thArraOfDagon: yee, alot!
 18363 | Elf:3    | Noticed a deep elf blademaster
 18375 | Elf:3    | Noticed a deep elf master archer
 18379 | Elf:3    | Killed a deep elf blademaster
 18408 | Elf:3    | Killed a deep elf master archer
 18408 | Elf:3    | Reached XP level 17. HP: 68/103 MP: 13/32
 18562 | Elf:3    | Identified Sif Muna's Tome of Creative Intoxication (Sif Muna gifted it to you on level 3 of the Elven Halls)
 18562 | Elf:3    | Received a gift from Sif Muna
 18566 | Elf:3    | Noticed a deep elf blademaster
 18570 | Elf:3    | Killed a deep elf blademaster
 18625 | Elf:3    | Noticed a deep elf master archer
 18638 | Elf:3    | Killed a deep elf master archer
 18644 | Elf:3    | Noticed a Brimstone Fiend
 18887 | Elf:3    | Identified the Handbook of Cankerous Transmigration
 18949 | Elf:3    | Identified the amulet "Fopoguf" {Spirit MP-9 Int+7} (You took it off a deep elf annihilator on level 3 of the Elven Halls)
 19000 | Elf:3    | Identified the +7 long sword of the Ancients {drain, rPois rN+ Int+6 Dex-2} (You found it on level 3 of the Elven Halls)
 19065 | Elf:3    | Identified Isietsout's Almanac of Ignition and the Snowflakes
 19075 | Elf:3    | Identified the ring "Asiegg" {*Tele rF- rN++} (You took it off a deep elf elementalist on level 3 of the Elven Halls)
 19076 | Elf:3    | Identified the cursed +3 war axe of Destiny {vamp, rC+ rN+ Str+3 Dex+2} (You took it off a deep elf elementalist on level 3 of the Elven Halls)
 19078 | Elf:3    | p0werm0de: https://cdn.discordapp.com/attachments/435841505215643650/449907902472388618/rainbow.gif
 19091 | Elf:3    | Learned a level 5 spell: Fireball
 19091 | Elf:3    | 4thArraOfDagon: tasks
 19235 | Elf:2    | Noticed a deep elf master archer
 19235 | Elf:2    | Noticed a deep elf blademaster
 19235 | Elf:2    | Noticed a deep elf blademaster
 19236 | Elf:2    | Noticed a deep elf blademaster
 19236 | Elf:2    | Killed a deep elf master archer
 19241 | Elf:2    | Killed a deep elf blademaster
 19244 | Elf:2    | Killed a deep elf blademaster
 19244 | Elf:2    | Killed a deep elf blademaster
 19244 | Elf:2    | Identified Sif Muna's Incunabulum of Stolen Souls (Sif Muna gifted it to you on level 2 of the Elven Halls)
 19244 | Elf:2    | Received a gift from Sif Muna
 19244 | Elf:2    | Reached XP level 18. HP: 68/108 MP: 28/34
 19249 | Elf:2    | Reached skill level 15 in Conjurations
 19729 | Orc:2    | Bought a potion of resistance for 130 gold pieces
 19729 | Orc:2    | Bought a potion of curing for 39 gold pieces
 19889 | Lair:1   | You fall through a shaft!
 20076 | Lair:4   | Found a staircase to the Shoals.
 20094 | Shoals:1 | Entered Level 1 of the Shoals
 20181 | Shoals:1 | Reached skill level 10 in Shields
 20593 | Shoals:2 | Found Kuni's Assorted Antiques.
 20602 | Shoals:2 | Bought a scroll of teleportation for 78 gold pieces
 20794 | Shoals:3 | Noticed Polyphemus
 21117 | Shoals:3 | Received a gift from Sif Muna
 21136 | Shoals:3 | 4thArraOfDagon: ??dragon form
 21136 | Shoals:3 | XtahuaRules: dragon form[1/3]: You're a dragon now! RAAAAWR! Breathe fire! Be tough (+50% hp) and strong! Gives +10 str, flight, rPois+ rFire++ rCold-, 34% GDR, 16 AC exactly, giant size (will nuke your EV). Base unarmed damage (including claws) = (38 + unarmed_skill). Gives Claws 3 (works for offhand punch) and 2 additional auxiliary attacks, bite and tail-slap. Melds non-jewelry equipment.
 21144 | Shoals:3 | Noticed a titan
 21172 | Shoals:3 | Killed a titan
 21278 | Shoals:4 | Entered Level 4 of the Shoals
 21388 | Shoals:4 | 4thArraOfDagon: ??the open sea
 21388 | Shoals:4 | XtahuaRules: I don't have a page labeled the_open_sea in my learndb.
 21388 | Shoals:4 | Thaneod: wanna try:>?
 21388 | Shoals:4 | 4thArraOfDagon: ??open sea
 21388 | Shoals:4 | XtahuaRules: I don't have a page labeled open_sea in my learndb.
 21388 | Shoals:4 | 4thArraOfDagon: yes!
 21419 | Shoals:4 | Thaneod: like tengu but with more life
 21489 | Shoals:4 | Found a runed door.
 21570 | Shoals:4 | Reached XP level 19. HP: 90/113 MP: 29/36
 21579 | Shoals:4 | Got a barnacled rune of Zot
 21719 | Shoals:4 | Noticed Louise
 21724 | Shoals:4 | Killed Louise
 21742 | Shoals:4 | Identified the cursed +0 large shield of a Billion Lies {Int+4 Dex+4} (You took it off Louise on level 4 of the Shoals)
 21748 | Shoals:4 | Thaneod: ladna tarcza
 21752 | Shoals:4 | 4thArraOfDagon: eeh
 21752 | Shoals:4 | 4thArraOfDagon: +0
 21752 | Shoals:4 | 4thArraOfDagon: w sumie
 21779 | Shoals:4 | Thaneod: moze w zigach bedzie lepsza
 21870 | Shoals:4 | Noticed Ilsuiw
 21881 | Shoals:4 | Killed Ilsuiw
 21958 | Shoals:4 | Received a gift from Sif Muna
 22074 | Lair:3   | Thaneod: gdzie teraz?
 22074 | Lair:2   | 4thArraOfDagon: naga slime
 22074 | Lair:2   | 4thArraOfDagon: i zigi
 22074 | Lair:4   | 4thArraOfDagon: na ktorym zabijalem nagi
 22074 | Lair:4   | 4thArraOfDagon: lair:2
 22074 | Lair:4   | 4thArraOfDagon: ok...
 22117 | Lair:2   | Thaneod: :)
 22129 | Lair:2   | 4thArraOfDagon: no tak
 22143 | Lair:2   | Found a staircase to the Snake Pit.
 22154 | Snake:1  | Entered Level 1 of the Snake Pit
 22403 | Snake:1  | Found Tamiut's Antique Weapon Emporium.
 22403 | Snake:1  | Found Ruyhuz's Assorted Antiques.
 22529 | Snake:3  | Thaneod: najgorzej jak cie ten czerwony teleportuje w pizdu
 22597 | Snake:4  | Entered Level 4 of the Snake Pit
 22597 | Snake:4  | 4thArraOfDagon: a gdzie to jest? :p
 22675 | Snake:3  | Thaneod: przed zadupiem przecież
 22725 | Snake:3  | Thaneod: znaczy sosnowcem
 22771 | Snake:3  | 4thArraOfDagon: ale przed zapizdziem?
 22782 | Snake:3  | Thaneod: po lewej stronie
 22816 | Snake:3  | 4thArraOfDagon: ale po drugiej lewej?
 22816 | Snake:3  | Thaneod: a ten czar co zatruwa wszystkich na ekranie fajny jest?
 22853 | Snake:3  | Thaneod: albo lodówka?
 22853 | Snake:3  | 4thArraOfDagon: fajny nawet
 22884 | Snake:3  | 4thArraOfDagon: ogreb cos tam
 23602 | Snake:4  | Identified Lehudib's Collected Works on Conjuration (Sif Muna gifted it to you on level 4 of the Snake Pit)
 23602 | Snake:4  | Received a gift from Sif Muna
 23701 | Snake:4  | Reached XP level 20. HP: 101/119 MP: 12/38
 24283 | Snake:4  | Got a serpentine rune of Zot
 24542 | Slime:1  | Entered Level 1 of the Pits of Slime
 24557 | Slime:1  | Thaneod: zrobisz tez maga gozaga?
 24592 | Slime:1  | Gained mutation: Scrolls take you a little longer to read. [a shining eye]
 24596 | Slime:1  | 4thArraOfDagon: ops
 24659 | Slime:1  | Identified Sif Muna's Volume of Conjuration (Sif Muna gifted it to you on level 1 of the Pits of Slime)
 24659 | Slime:1  | Received a gift from Sif Muna
 24838 | Slime:4  | Gained mutation: You are weak. (Str -2) [a shining eye]
 24920 | Slime:5  | Entered Level 5 of the Pits of Slime
 25062 | Slime:4  | Thaneod: masz rcorr cochoaiz?
 25063 | Slime:4  | 4thArraOfDagon: nie :)
 25070 | Slime:5  | Noticed the Royal Jelly
 25075 | Slime:5  | 4thArraOfDagon: juz mam
 25075 | Slime:5  | Reached XP level 21. HP: 116/124 MP: 23/39
 25075 | Slime:5  | Killed the Royal Jelly
 25078 | Slime:5  | Reached skill level 15 in Spellcasting
 25081 | Slime:5  | Thaneod: atomówka:)
 25083 | Slime:5  | Identified Moixt's Papyrus of Ensnaring Sinister Rites (Sif Muna gifted it to you on level 5 of the Pits of Slime)
 25083 | Slime:5  | Received a gift from Sif Muna
 25157 | Slime:5  | Identified the Volume of Flight and Conjuration
 25189 | Slime:5  | Got a slimy rune of Zot
 25201 | Slime:5  | Identified the +4 broad axe "Alaquifu" {chaos, +Fly} (You found it on level 5 of the Pits of Slime)
 25223 | Slime:5  | Identified the Grimoire of the Entourage
 25297 | Slime:5  | Learned a level 8 spell: Controlled Blink
 25301 | Slime:5  | 4thArraOfDagon: nie idziesz do roboty jutro?
 25301 | Slime:5  | Thaneod: ide
 25301 | Slime:5  | Thaneod: ale mam 24h jeszcze przeciez
 25301 | Slime:5  | Thaneod: jednego ziga moge luknac
 25301 | Slime:5  | Thaneod: chyba ze wlaczasz czity, to na chwile wyjde:)
 25301 | Slime:5  | 4thArraOfDagon: chwila musze pare taskow zrobic
 25301 | Slime:5  | 4thArraOfDagon: to wejdz na swoj acc
 25301 | Slime:5  | p0werm0de: https://www.mixcloud.com/SaidTayebi/episode-001-trip-to-kazantip/
 25301 | Slime:5  | 4thArraOfDagon: there :)
 25301 | Slime:5  | 4thArraOfDagon: night tripping
 25325 | Slime:5  | Learned a level 3 spell: Regeneration
 25578 | D:12     | Learned a level 8 spell: Necromutation
 25700 | D:15     | Reached skill level 1 in Necromancy
 25700 | D:15     | Reached skill level 1 in Transmutations
 26066 | D:15     | Found a staircase to the Depths.
 26094 | Depths:1 | Entered Level 1 of the Depths
 26106 | Depths:2 | Found a one-way gate to the infinite horrors of the Abyss.
 26221 | Depths:2 | Received a gift from Sif Muna
 26252 | Depths:2 | Found a gateway to Hell.
 26389 | Depths:1 | Thaneod: ok ide spac
 26410 | Depths:2 | 4thArraOfDagon: ok
 26411 | Depths:2 | Thaneod: nie gin, a rzeznij
 26509 | Depths:2 | Reached skill level 5 in Necromancy
 26512 | Depths:2 | :O
 26798 | Depths:2 | Reached skill level 5 in Transmutations
 26895 | Depths:2 | Reached XP level 22. HP: 115/129 MP: 17/41
 26905 | Depths:2 | Found a one-way gate leading to the halls of Pandemonium.
 26938 | Depths:3 | :O
 26949 | Depths:3 | Lost mutation: Scrolls take you a little longer to read. [potion of mutation]
 26949 | Depths:3 | Lost mutation: Your flesh is cold resistant. (rC+) [potion of mutation]
 26949 | Depths:3 | Gained mutation: You passively map a small area around you. [potion of mutation]
 26949 | Depths:3 | Lost mutation: You are weak. (Str -2) [potion of mutation]
 27004 | Depths:3 | Found a flickering gateway to a bazaar.
 27009 | Bazaar   | Entered a bazaar
 27011 | Bazaar   | Found Zeakk's Distillery.
 27029 | Bazaar   | Found Yngua's Weapon Shop.
 27036 | Bazaar   | Found Senax Wes's Weapon Emporium.
 27043 | Bazaar   | Found Gichyar's Distillery.
 27050 | Bazaar   | Found Engyompu's Food Boutique.
 27060 | Bazaar   | Bought a potion of flight for 42 gold pieces
 27060 | Bazaar   | Bought a potion of heal wounds for 70 gold pieces
 27060 | Bazaar   | Bought a potion of agility for 56 gold pieces
 27060 | Bazaar   | Bought 2 potions of curing for 84 gold pieces
 27060 | Bazaar   | Bought a potion of heal wounds for 70 gold pieces
 27060 | Bazaar   | Bought a potion of invisibility for 112 gold pieces
 27060 | Bazaar   | Bought a potion of agility for 56 gold pieces
 27090 | Bazaar   | Bought a potion of agility for 36 gold pieces
 27090 | Bazaar   | Bought 2 potions of cancellation for 144 gold pieces
 27090 | Bazaar   | Bought a potion of brilliance for 36 gold pieces
 27090 | Bazaar   | Bought a potion of heal wounds for 45 gold pieces
 27090 | Bazaar   | Bought 2 potions of resistance for 180 gold pieces
 27090 | Bazaar   | Bought a potion of heal wounds for 45 gold pieces
 27195 | Depths:4 | Identified Asam's Tome of Lucky Darkness (Sif Muna gifted it to you on level 4 of the Depths)
 27195 | Depths:4 | Received a gift from Sif Muna
 27268 | Depths:4 | Found a gateway to a ziggurat.
 27321 | Depths:4 | Reached skill level 5 in Translocations
 27463 | Depths:4 | Found a runed door.
 27465 | Depths:4 | Noticed a caustic shrike
 27495 | Zig:1    | Entered Level 1 of a ziggurat
 27519 | Zig:2    | Entered Level 2 of a ziggurat
 27544 | Zig:3    | Entered Level 3 of a ziggurat
 27572 | Zig:4    | Entered Level 4 of a ziggurat
 27595 | Zig:5    | Entered Level 5 of a ziggurat
 27617 | Zig:6    | Entered Level 6 of a ziggurat
 27625 | Zig:6    | Identified Sif Muna's Tome of Mutagenic Summoning (Sif Muna gifted it to you on level 6 of a ziggurat)
 27625 | Zig:6    | Received a gift from Sif Muna
 27647 | Zig:7    | Entered Level 7 of a ziggurat
 27654 | Zig:7    | Noticed Aval the pandemonium lord
 27662 | Zig:7    | Killed Aval the pandemonium lord
 27662 | Zig:7    | Reached XP level 23. HP: 135/135 MP: 11/42
 27678 | Zig:7    | Reached skill level 15 in Shields
 27678 | Zig:7    | Reached XP level 24. HP: 140/140 MP: 28/43
 27691 | Zig:8    | Entered Level 8 of a ziggurat
 27722 | Zig:8    | Reached XP level 25. HP: 144/144 MP: 34/43
 27725 | Zig:9    | Entered Level 9 of a ziggurat
 27733 | Zig:9    | Received a gift from Sif Muna
 27789 | Zig:10   | Entered Level 10 of a ziggurat
 27797 | Zig:10   | Reached skill level 10 in Necromancy
 27817 | Zig:10   | Identified Semonk's Early Guide to Secret Knowledge
 27836 | Zig:11   | Entered Level 11 of a ziggurat
 27847 | Zig:11   | Reached skill level 10 in Transmutations
 27871 | Zig:11   | Identified the ring of Dim Light {Str-3 Dex+5 Stlth-} (You found it on level 11 of a ziggurat)
 27882 | Zig:12   | Entered Level 12 of a ziggurat
 27894 | Zig:12   | Noticed a juggernaut
 27899 | Zig:12   | Killed a juggernaut
 27899 | Zig:12   | Identified Sif Muna's Tome of Sinister Rituals (Sif Muna gifted it to you on level 12 of a ziggurat)
 27899 | Zig:12   | Received a gift from Sif Muna
 27916 | Zig:12   | Found the +9 scales of the Dragon King {rPois rF+ rC+ MR+}
 27924 | Zig:12   | Identified the Reference Book on Excruciating Bewitchment
 27963 | Zig:13   | Entered Level 13 of a ziggurat
 27967 | Zig:13   | Noticed a juggernaut
 27972 | Zig:13   | Killed a juggernaut
 28017 | Zig:13   | Identified a scroll of acquirement
 28018 | Zig:13   | Identified the +0 hat of the King {rC+} (You acquired it on level 13 of a ziggurat)
 28063 | Zig:14   | Entered Level 14 of a ziggurat
 28083 | Zig:14   | Reached skill level 15 in Invocations
 28095 | Zig:14   | Identified the ring of Fatigue {rN+ Dex+3} (You found it on level 14 of a ziggurat)
 28130 | Zig:15   | Entered Level 15 of a ziggurat
 28142 | Zig:15   | Reached XP level 26. HP: 41/151 MP: 15/43
 28190 | Zig:15   | Identified the +9 broad axe "Orb Guardian's Regret" {freeze, rC+} (You found it on level 15 of a ziggurat)
 28198 | Zig:15   | Identified the Almanac of Enchanting Stones
 28214 | Zig:16   | Entered Level 16 of a ziggurat
 28287 | Zig:16   | Reached XP level 27. HP: 154/155 MP: 43/43
 28309 | Zig:16   | Identified Sif Muna's Tome of the Shifting Entourage (Sif Muna gifted it to you on level 16 of a ziggurat)
 28309 | Zig:16   | Received a gift from Sif Muna
 28309 | Zig:16   | Reached skill level 10 in Translocations
 28318 | Zig:16   | Learned a level 6 spell: Statue Form
 28319 | Zig:17   | Entered Level 17 of a ziggurat
 28366 | Zig:17   | Found the +2 pair of boots of the Assassin {Detection Stab+ Stlth++}
 28388 | Zig:18   | Entered Level 18 of a ziggurat
 28402 | Zig:18   | Received a gift from Sif Muna
 28443 | Zig:18   | Found the +8 orange crystal plate armour {Archmagi, Int+3 Clar}
 28444 | Zig:18   | Found the +7 longbow "Piercer" {penet, EV-2}
 28444 | Zig:18   | Found the +8 storm bow {elec}
 28448 | Zig:18   | Identified the Disquisition on the Earthen Birds
 28468 | Zig:18   | Identified the cursed ring "Tiesopt" {+Inv MR+ AC-2 Int-5 Dex+2} (You found it on level 18 of a ziggurat)
 28512 | Zig:19   | Entered Level 19 of a ziggurat
 28536 | Zig:19   | Received a gift from Sif Muna
 28598 | Zig:19   | Identified the Papyrus of the Entourage
 28602 | Zig:19   | Identified the amulet "Buded" {Gourm MR++ MP-9 Str+5} (You found it on level 19 of a ziggurat)
 28615 | Zig:20   | Entered Level 20 of a ziggurat
 28636 | Zig:20   | Received a gift from Sif Muna
 28689 | Zig:20   | Identified the Compendium of Icy Stones
 28702 | Zig:20   | Identified the Handbook of Fiery Aid
 28709 | Zig:20   | Identified the ring "Roliucs" {Fire rN+} (You found it on level 20 of a ziggurat)
 28752 | Zig:20   | Learned a level 9 spell: Glaciate
 28753 | Zig:21   | Entered Level 21 of a ziggurat
 28767 | Zig:21   | Reached skill level 10 in Ice Magic
 28767 | Zig:21   | Received a gift from Sif Muna
 28803 | Zig:21   | Found the +18 shield of the Gong {rElec rN+ MR+ EV-5}
 28822 | Zig:21   | Identified the Guide on Dusty Poison
 28826 | Zig:21   | Identified the Handbook of the Arsonist
 28851 | Zig:21   | Identified the ring of New Discoveries {+Fly rElec rF- Str+6 Stlth+} (You found it on level 21 of a ziggurat)
 28854 | Zig:22   | Entered Level 22 of a ziggurat
 28871 | Zig:22   | Received a gift from Sif Muna
 28875 | Zig:22   | Reached skill level 15 in Necromancy
 28876 | Zig:22   | Received a gift from Sif Muna
 28883 | Zig:22   | Found the -2 hat of the Alchemist {rElec rPois rF+ rC+ rN+ MR+ rMut rCorr}
 28901 | Zig:22   | Received a gift from Sif Muna
 28950 | Zig:23   | Entered Level 23 of a ziggurat
 28956 | Zig:23   | Noticed a juggernaut
 28959 | Zig:23   | Killed a juggernaut
 28961 | Zig:23   | Reached skill level 5 in Earth Magic
 28964 | Zig:23   | Noticed a juggernaut
 28964 | Zig:23   | Noticed a juggernaut
 28966 | Zig:23   | Killed a juggernaut
 28967 | Zig:23   | Killed a juggernaut
 28967 | Zig:23   | Received a gift from Sif Muna
 28967 | Zig:23   | Noticed a juggernaut
 28967 | Zig:23   | Noticed a juggernaut
 28967 | Zig:23   | Noticed a juggernaut
 28968 | Zig:23   | Noticed a juggernaut
 28969 | Zig:23   | Reached skill level 10 in Earth Magic
 28972 | Zig:23   | Killed a juggernaut
 28973 | Zig:23   | Killed a juggernaut
 28975 | Zig:23   | Killed a juggernaut
 28975 | Zig:23   | Killed a juggernaut
 28976 | Zig:23   | Received a gift from Sif Muna
 28977 | Zig:23   | Noticed a juggernaut
 28980 | Zig:23   | Killed a juggernaut
 29012 | Zig:23   | Found the +7 Kryia's mail coat {PotionHeal*2 rC+}
 29015 | Zig:23   | Found the +3 sling "Punk" {acid, rCorr}
 29018 | Zig:23   | Identified the Guide on Shifting Enhancements
 29022 | Zig:23   | Got a brightly glowing steel ring
 29023 | Zig:23   | Identified the ring "Jokhlir" {+Inv rN+} (You found it on level 23 of a ziggurat)
 29030 | Zig:23   | Identified Roxanne's Handbook of the Shifting Mountains
 29042 | Zig:23   | Received a gift from Sif Muna
 29047 | Zig:23   | Nebukadnezar: sif muna gifted "Punk" ?
 29048 | Zig:24   | Entered Level 24 of a ziggurat
 29087 | Zig:24   | Received a gift from Sif Muna
 29112 | Zig:24   | Got a warped bone ring
 29118 | Zig:24   | Got a faintly glowing amber ring
 29139 | Zig:24   | Identified the ring "Zievvup" {*Contam +Fly MR+++ Dex+4 Slay+4} (You found it on level 24 of a ziggurat)
 29140 | Zig:24   | Identified the ring "Ysureamou" {Ice +Fly} (You found it on level 24 of a ziggurat)
 29145 | Zig:25   | Entered Level 25 of a ziggurat
 29176 | Zig:25   | Reached skill level 5 in Dodging
 29225 | Zig:25   | Identified the Papyrus of Stones
 29257 | Zig:26   | Entered Level 26 of a ziggurat
 29279 | Zig:26   | Identified Sif Muna's Papyrus of Gliding Damage Dealing (Sif Muna gifted it to you on level 26 of a ziggurat)
 29279 | Zig:26   | Received a gift from Sif Muna
 29302 | Zig:26   | Found the +3 robe of Folly {Archmagi, MR-- Int+5}
 29339 | Zig:26   | Reached skill level 10 in Fighting
 29369 | Zig:27   | Entered Level 27 of a ziggurat
 29398 | Zig:27   | Received a gift from Sif Muna
 29411 | Zig:27   | Reached skill level 15 in Transmutations
 29412 | Zig:27   | Received a gift from Sif Muna
 29449 | Zig:27   | Identified the Disquisition on Ice
 29486 | Depths:4 | Learned a level 8 spell: Death's Door
 29488 | Zig:1    | Entered Level 1 of a ziggurat
 29506 | Zig:2    | Entered Level 2 of a ziggurat
 29510 | Zig:2    | Reached skill level 1 in Charms
 29526 | Zig:3    | Entered Level 3 of a ziggurat
 29548 | Zig:4    | Entered Level 4 of a ziggurat
 29551 | Zig:4    | Received a gift from Sif Muna
 29572 | Zig:5    | Entered Level 5 of a ziggurat
 29604 | Zig:6    | Entered Level 6 of a ziggurat
 29607 | Zig:6    | Noticed a greater mummy
 29607 | Zig:6    | Noticed a greater mummy
 29612 | Zig:6    | Killed a greater mummy
 29612 | Zig:6    | Reached skill level 5 in Charms
 29612 | Zig:6    | Killed a greater mummy
 29630 | Zig:6    | Got a scorched silver ring
 29631 | Zig:6    | Identified The Second Course in Sorcery
 29644 | Zig:6    | Identified the ring "Gin Fecw" {+Fly MR+++ Str+5 Stlth+} (You found it on level 6 of a ziggurat)
 29647 | Zig:7    | Entered Level 7 of a ziggurat
 29655 | Zig:7    | Received a gift from Sif Muna
 29662 | Zig:7    | p0werm0de: https://www.mixcloud.com/SaidTayebi/said-tayebi-al-vince-presents-deeploma-of-technology-special-edition/
 29662 | Zig:7    | p0werm0de: mew minute 3+
 29663 | Zig:7    | p0werm0de: hai
 29680 | Zig:8    | Entered Level 8 of a ziggurat
 29696 | Zig:8    | Found the ring of Phasing {EV+8}
 29711 | Zig:8    | p0werm0de: or also 17 +
 29712 | Zig:8    | p0werm0de: eargaZM
 29716 | Zig:9    | Entered Level 9 of a ziggurat
 29751 | Zig:9    | Received a gift from Sif Muna
 29765 | Zig:9    | Identified the Almanac of Transmutation and Enhancements
 29767 | Zig:9    | Identified the Almanac of Ghastly Illusion
 29773 | Zig:9    | Got a brightly glowing iron ring
 29775 | Zig:9    | Identified the ring of the Ancient Places {rCorr Str+4 Dex+2} (You found it on level 9 of a ziggurat)
 29778 | Zig:10   | Entered Level 10 of a ziggurat
 29822 | Zig:11   | Entered Level 11 of a ziggurat
 29834 | Zig:11   | Noticed Cisef the pandemonium lord
 29835 | Zig:11   | Noticed Toshuquu the pandemonium lord
 29835 | Zig:11   | Noticed Kepowasch the pandemonium lord
 29836 | Zig:11   | Killed Toshuquu the pandemonium lord
 29837 | Zig:11   | throw me somet
 29837 | Zig:11   | Killed Cisef the pandemonium lord
 29839 | Zig:11   | Noticed Xugiag the pandemonium lord
 29839 | Zig:11   | Noticed Omaannen the pandemonium lord
 29843 | Zig:11   | Killed Kepowasch the pandemonium lord
 29846 | Zig:11   | Killed Xugiag the pandemonium lord
 29854 | Zig:11   | Killed Omaannen the pandemonium lord
 29854 | Zig:11   | Received a gift from Sif Muna
 29878 | Zig:11   | Found the +3 warlock's mirror {reflect}
 29880 | Zig:11   | Got a brightly glowing steel ring
 29890 | Zig:11   | Identified the ring of Sioqeduk {+Blink rElec rC+ Dex+2 Stlth-} (You found it on level 11 of a ziggurat)
 29893 | Zig:12   | Entered Level 12 of a ziggurat
 29944 | Zig:13   | Entered Level 13 of a ziggurat
 29961 | Zig:13   | Noticed an ancient lich
 29962 | Zig:13   | Received a gift from Sif Muna
 29964 | Zig:13   | Killed an ancient lich
 30000 | Zig:13   | Got a bound steel ring
 30005 | Zig:13   | Identified the ring of Sin {Str+6 Dex+4} (You found it on level 13 of a ziggurat)
 30012 | Zig:14   | Entered Level 14 of a ziggurat
 30047 | Zig:14   | Noticed Wilodd the pandemonium lord
 30049 | Zig:14   | Killed Wilodd the pandemonium lord
 30080 | Zig:14   | Identified Yphic's Compendium of Malediction and Feathers
 30090 | Zig:15   | Entered Level 15 of a ziggurat
 30131 | Zig:15   | Identified the Grimoire of the Compass and Bewitchment
 30136 | Zig:15   | Got a pitted bone ring
 30143 | Zig:15   | Identified the Grimoire of the Voyage and Sinister Rites
 30146 | Zig:15   | Identified the ring of Xom's Ringing Laughter {rF+ SInv} (You found it on level 15 of a ziggurat)
 30155 | Zig:15   | Identified the ring of the Blind Eye {rF+ Dex+3 SInv Stlth+} (You found it on level 15 of a ziggurat)
 30160 | Zig:16   | Entered Level 16 of a ziggurat
 30184 | Zig:16   | Received a gift from Sif Muna
 30240 | Zig:17   | Entered Level 17 of a ziggurat
 30366 | Zig:17   | Learned a level 9 spell: Shatter
 30367 | Zig:18   | Entered Level 18 of a ziggurat
 30393 | Zig:18   | Reached skill level 15 in Fighting
 30435 | Zig:18   | Identified Barchaha's Collected Works on Orientation
 30446 | Zig:18   | Got a fine lapis lazuli ring
 30447 | Zig:18   | Identified the ring of the Dragon {Int+2 Dex+4 Slay+3 SInv} (You found it on level 18 of a ziggurat)
 30456 | Zig:19   | Entered Level 19 of a ziggurat
 30468 | Zig:19   | Received a gift from Sif Muna
 30471 | Zig:19   | Noticed a juggernaut
 30472 | Zig:19   | Reached skill level 15 in Earth Magic
 30475 | Zig:19   | Killed a juggernaut
 30510 | Zig:19   | Got a scorched iron ring
 30511 | Zig:19   | Identified the ring of Totaik {MR+ EV+3} (You found it on level 19 of a ziggurat)
 30517 | Zig:19   | Received a gift from Sif Muna
 30519 | Zig:20   | Entered Level 20 of a ziggurat
 30552 | Zig:20   | Noticed Enurerio the pandemonium lord
 30556 | Zig:20   | Killed Enurerio the pandemonium lord
 30716 | Zig:21   | Entered Level 21 of a ziggurat
 30824 | Zig:21   | Found the +5 pair of quick blades "Gyre" and "Gimble" {pierce, Dex-3}
 30857 | Zig:22   | Entered Level 22 of a ziggurat
 30874 | Zig:22   | Noticed a juggernaut
 30881 | Zig:22   | Killed a juggernaut
 30882 | Zig:22   | Reached skill level 27 in Invocations
 30882 | Zig:22   | Reached skill level 1 in Evocations
 30882 | Zig:22   | Reached skill level 5 in Evocations
 30882 | Zig:22   | Noticed a juggernaut
 30882 | Zig:22   | Noticed a juggernaut
 30882 | Zig:22   | Noticed a juggernaut
 30883 | Zig:22   | Noticed a juggernaut
 30884 | Zig:22   | Noticed a juggernaut
 30884 | Zig:22   | Noticed a juggernaut
 30885 | Zig:22   | Killed a juggernaut
 30885 | Zig:22   | Killed a juggernaut
 30885 | Zig:22   | Reached skill level 10 in Evocations
 30887 | Zig:22   | Killed a juggernaut
 30887 | Zig:22   | Killed a juggernaut
 30888 | Zig:22   | Killed a juggernaut
 30891 | Zig:22   | Killed a juggernaut
 30891 | Zig:22   | Reached skill level 15 in Evocations
 30894 | Zig:22   | Noticed a juggernaut
 30897 | Zig:22   | Received a gift from Sif Muna
 30899 | Zig:22   | Killed a juggernaut
 30914 | Zig:22   | Found the +0 pair of fencer's gloves {+Riposte Dex+3}
 30954 | Zig:23   | Entered Level 23 of a ziggurat
 30977 | Zig:23   | Noticed an ancient lich
 30981 | Zig:23   | Killed an ancient lich
 31009 | Zig:23   | Received a gift from Sif Muna
 31009 | Zig:23   | Noticed an ancient lich
 31011 | Zig:23   | Killed an ancient lich
 31011 | Zig:23   | Reached skill level 27 in Spellcasting
 31015 | Zig:23   | Reached skill level 10 in Dodging
 31038 | Zig:23   | Found the ring of the Octopus King
 31045 | Zig:23   | Got a ring of the Octopus King
 31049 | Zig:23   | Got a slimy turquoise ring
 31067 | Zig:23   | Identified a ring of the Octopus King {AC+1 EV+1 Str+1 Int+1 Dex+1 SInv} (You found it on level 23 of a ziggurat)
 31068 | Zig:23   | Identified the ring of Pecilo {+Inv rPois rC+ MR+} (You found it on level 23 of a ziggurat)
 31071 | Zig:24   | Entered Level 24 of a ziggurat
 31147 | Zig:24   | Identified the Grimoire of the Entourage and Envenoming
 31163 | Zig:25   | Entered Level 25 of a ziggurat
 31174 | Zig:25   | Noticed Byir the pandemonium lord
 31176 | Zig:25   | Noticed Muubium the pandemonium lord
 31179 | Zig:25   | Noticed Obageor the pandemonium lord
 31180 | Zig:25   | Killed Muubium the pandemonium lord
 31180 | Zig:25   | Noticed Roipip the pandemonium lord
 31182 | Zig:25   | Noticed Wugum the pandemonium lord
 31186 | Zig:25   | Killed Byir the pandemonium lord
 31189 | Zig:25   | Killed Obageor the pandemonium lord
 31190 | Zig:25   | Killed Wugum the pandemonium lord
 31196 | Zig:25   | Noticed Duefiav the pandemonium lord
 31199 | Zig:25   | Killed Duefiav the pandemonium lord
 31199 | Zig:25   | Killed Roipip the pandemonium lord
 31206 | Zig:25   | Noticed Woitted the pandemonium lord
 31206 | Zig:25   | Noticed Hofalyom the pandemonium lord
 31209 | Zig:25   | Killed Woitted the pandemonium lord
 31209 | Zig:25   | Noticed Yphyps the pandemonium lord
 31212 | Zig:25   | Killed Hofalyom the pandemonium lord
 31212 | Zig:25   | Noticed Kaogh the pandemonium lord
 31215 | Zig:25   | Noticed Dibbaih the pandemonium lord
 31216 | Zig:25   | Killed Yphyps the pandemonium lord
 31218 | Zig:25   | Noticed Uvisaem the pandemonium lord
 31221 | Zig:25   | Noticed Zuah the pandemonium lord
 31221 | Zig:25   | Noticed Ruzxasch the pandemonium lord
 31222 | Zig:25   | Noticed Zieghump the pandemonium lord
 31222 | Zig:25   | Noticed Quecs the pandemonium lord
 31222 | Zig:25   | Noticed Jixeipuu the pandemonium lord
 31222 | Zig:25   | Noticed Esuv the pandemonium lord
 31222 | Zig:25   | Paralysed by Quecs for 7 turns
 31222 | Zig:25   | Noticed Ciwo the pandemonium lord
 31224 | Zig:25   | Noticed Xutoudoc the pandemonium lord
 31229 | Zig:25   | HP: 6/207 [disintegration (27)]
 31229 | Zig:25   | 4thArraOfDagon: what was that
 31229 | Zig:25   | HP: 1/207 [alligator (glowing shapeshifter) (2)]
 31229 | Zig:25   | Hit by a Killer Klown thrown by iron giant

Vault maps used:
D:1:      roderic_crop_circles_arrival_small
D:2:      kennysheep_big_flooded_room, regret_index_temple_of_mockery,
          vehumet_crystals
D:3:      lemuel_round_altar, okawaru_gym_becter, uniq_terence
D:4:      first_ration, portal_sewer_entry_e, serial_shops, shop_statue
D:5:      zin_angel, yredelemnul_altar_generic, minmay_temple_entry_overgrown,
          serial_shops, nicolae_shop_temple_entry_statues_fountains,
          shop_fountains, shop, grunt_qazlal_sundering
D:6:      grunt_temple_overflow_open, makhleb_heckhound_becter, serial_shops,
          shop_fountains, uniq_eustachio
D:7:      kennysheep_little_box
D:8:      dpeg_oklobed_lair
D:9:      serial_gnoll_camp, gnoll_camp_huts_moat, gnoll_camp_mini_hut,
          gnoll_camp_mini_house, gnoll_camp_mini_hut, gnoll_camp_mini_shop,
          gnoll_camp_mini_hut, enter_bailey_2, hangedman_pestilent_swarm,
          roderic_serpentine_path, minmay_misc_feat_tiny, hangedman_minor_magic
D:10:     serial_shops, nicolae_shop_behind_doors, library_closet, wad_dig_loot
D:11:     orc_0_dummy, lab_entry_generic
D:12:     minmay_misc_feat_rugged
D:13:     argonaut_augean_stables, hangedman_decor_clover_reticule
D:14:     david_vaults_4, minmay_misc_feat_columns
D:15:     grunt_enter_depths_hoard, hangedman_abyss_or_decor_stagger,
          basic_altar
Lair:1:   beast_lair_carwin_11, uniq_fannar
Lair:2:   minmay_snake_entry_guardpost_small, grunt_megastairs_2,
          serial_bayou_shore_b
Lair:3:   beast_lair_carwin_3, lemuel_fruit_fields, serial_bayou_shore_a
Lair:4:   elwin_shoals_entry_rooms
Lair:5:   slime_altar_2, grunt_megastairs_1
Lair:6:   hangedman_lair_in_review, wormcave, kb_xom_exploding_sheep, uniq_snorg
Shoals:2: serial_shops, shop
Shoals:3: cheibrodos_shoals_gigantism, uniq_polyphemus
Shoals:4: shoals_end_simple, shoals_ilsuiw_ice, lightli_airlock, uniq_louise
Snake:1:  minmay_shoptagon
Snake:2:  nicolae_snake_springs
Snake:3:  lemuel_fruit_tree
Snake:4:  johnstein_snake_rune_scales
Slime:2:  basic_altar
Orc:1:    rock_pile
Orc:2:    st_orc_open, basic_altar, serial_shops, freezing_bzr, shop, shop,
          shop, shop, portal_ice_cave_entry_ice_beasts, uniq_josephine
Elf:1:    eino_elf_arrival_customs, hangedman_elf_disciples, st_stairs_6
Elf:2:    serial_shops, shop, nicolae_shop_temple_entry_statues_fountains, shop,
          shop_statue, shop, basic_altar, door_vault, uniq_nikola
Elf:3:    grunt_elf_hall_diamonds, serial_shops, shop, uniq_mara
Depths:1: grunt_hell_horde, kennysheep_big_empty_room,
          kennysheep_generic_room_10, uniq_jorgrun
Depths:2: grunt_bruiser_brothers, pf_hell_entry_tar_spiral, abyss_entry,
          pan_entry, eino_curves_01
Depths:3: nooodl_heptagram, hellmouth_1, serial_shops, bzr_entry_road,
          minmay_door_square, pan_entry
Depths:4: minmay_gate_of_8, enter_ziggurat_e, abyss_entry, hangedman_geh_valley
Zig:9:    ziggurat_pillar_centre_dead_trees
Zig:12:   ziggurat_pillar_centre_smoke
Zig:13:   ziggurat_pillar_centre_c
Zig:19:   ziggurat_pillar_centre_oklobs
Zig:20:   ziggurat_pillar_centre_more_plants
Lab:      nicolae_lab_dead_adventurers, nicolae_lab_t_cross,
          nicolae_lab_grate_2, labyrinth_skeletal_remains
Bazaar:   bazaar_kb_twisted_cavern, bazaar_kb_twisted_cavern
Bailey:   bailey_axe_bossmonster_kennysheep, bailey

Skill      XL: |  1  2  3  4  5  6  7  8  9 10 11 12 13 14 15 16 17 18 19 20 21 22 23 24 25 26 27 |
---------------+----------------------------------------------------------------------------------+-----
Conjurations   | 2 3 4 5 6 7 9 10 11 12 13 14 15 17 18 19 | 19.1
Fire Magic     | 1 2 3 5 6 8 10 11 12 14 15 17 18 19 20 | 20.4
Invocations    | 2 4 5 7 8 9 10 16 18 27 | 27.0
Spellcasting   | 5 6 8 9 10 11 12 13 14 15 16 27 | 27.0
Fighting       | 4 5 21 | 21.7
Dodging        | 3 10 | 10.6
Shields        | 2 5 8 9 10 12 13 14 15 | 15.0
Necromancy     | 5 8 9 10 11 17 | 17.7
Transmutations | 5 8 9 10 16 | 16.6
Translocations | 6 7 9 12 | 12.7
Ice Magic      | 13 | 13.9
Earth Magic    | 16 | 16.9
Charms         | 7 |  7.9
Evocations     | 17 | 17.0
Stealth        | |  2.6
Summonings     | |  1.0

Action                   |  1- 3 |  4- 6 |  7- 9 | 10-12 | 13-15 | 16-18 | 19-21 | 22-24 | 25-27 || total
-------------------------+-------+-------+-------+-------+-------+-------+-------+-------+-------++-------
Melee: Spear             |    57 |    52 |   346 |   152 |   613 |       |       |       |       ||  1220
       Constrict         |    15 |     9 |    42 |    24 |    86 |     6 |     5 |       |     2 ||   189
       Tentacles         |     4 |     3 |    31 |    13 |   101 |     5 |    11 |       |     2 ||   170
       Unarmed           |     2 |       |       |       |       |       |       |       |       ||     2
       Trident           |       |    11 |       |       |       |       |       |       |       ||    11
       Falchion          |       |       |       |       |    42 |       |       |       |       ||    42
       Staff             |       |       |       |       |     4 |    17 |     2 |       |       ||    23
       Long sword        |       |       |       |       |       |       |    25 |       |       ||    25
Throw: Throwing net      |       |       |     1 |       |       |       |       |       |       ||     1
 Cast: Magic Dart        |    19 |     9 |   102 |    66 |     2 |       |       |       |       ||   198
       Conjure Flame     |       |     3 |     7 |     3 |    72 |     1 |       |       |       ||    86
       Mephitic Cloud    |       |       |    14 |    13 |    68 |    14 |       |       |       ||   109
       Blink             |       |       |     1 |       |     2 |     5 |       |       |       ||     8
       Flame Tongue      |       |       |       |     2 |   176 |     7 |       |       |       ||   185
       Bolt of Magma     |       |       |       |       |   181 |    65 |    33 |       |       ||   279
       Ignition          |       |       |       |       |     9 |    42 |   124 |    10 |   146 ||   331
       Orb of Destructio |       |       |       |       |    35 |   163 |   177 |    10 |    40 ||   425
       Fire Storm        |       |       |       |       |       |     2 |    27 |    44 |   314 ||   387
       Fireball          |       |       |       |       |       |     7 |    33 |     3 |     4 ||    47
       Regeneration      |       |       |       |       |       |       |     3 |     1 |    30 ||    34
       Apportation       |       |       |       |       |       |       |       |     2 |       ||     2
       Shatter           |       |       |       |       |       |       |       |       |    56 ||    56
       Necromutation     |       |       |       |       |       |       |       |       |    11 ||    11
       Glaciate          |       |       |       |       |       |       |       |       |     5 ||     5
       Statue Form       |       |       |       |       |       |       |       |       |     3 ||     3
       Death's Door      |       |       |       |       |       |       |       |       |     1 ||     1
Invok: Divine Energy     |       |       |     1 |       |       |       |       |       |       ||     1
       Channel Magic     |       |       |       |       |     5 |     8 |    25 |     8 |    86 ||   132
       Forget Spell      |       |       |       |       |       |     1 |     1 |       |     1 ||     3
 Abil: End Transformatio |       |       |       |       |       |       |       |       |    12 ||    12
Evoke: Wand              |       |       |     8 |     4 |    19 |     7 |     2 |       |       ||    40
       Box of beasts     |       |       |       |       |       |       |     1 |       |       ||     1
       Figurine of a zig |       |       |       |       |       |       |       |       |     1 ||     1
  Use: Scroll            |     1 |     4 |     8 |     2 |    23 |    15 |     9 |     3 |    44 ||   109
       Potion            |     1 |       |     5 |     3 |     8 |     5 |     5 |     3 |    24 ||    54
 Stab: Sleeping          |     5 |     1 |    22 |       |     6 |       |       |       |       ||    34
       Paralysed         |       |       |     7 |     3 |    14 |       |       |       |       ||    24
       Confused          |       |       |     1 |     4 |    14 |     1 |       |       |       ||    20
       Distracted        |       |       |       |     1 |       |       |     1 |       |       ||     2
       Petrifying        |       |       |       |       |     1 |       |       |       |       ||     1
  Eat: Chunk             |       |       |    18 |     6 |    40 |    59 |    33 |     9 |    19 ||   184
       Ration            |       |       |       |       |     5 |     3 |    11 |     2 |     8 ||    29
Armor: Skin              |     9 |     1 |    59 |    28 |   121 |     3 |    20 |       |    20 ||   261
Dodge: Dodged            |    39 |    37 |   135 |    67 |   289 |    27 |    56 |     1 |    68 ||   719
Block: Shield            |       |       |       |       |    54 |    36 |    62 |     2 |    60 ||   214
       Rpst.: Falchion   |       |       |       |       |     8 |       |       |       |       ||     8
       Long sword        |       |       |       |       |       |       |     4 |       |     9 ||    13

Table legend:
 A = Spawn XP
 B = Non-spawn XP
 C = Spawn XP percentage of total XP
 D = Spawn monster count
 E = Non-spawn monster count
 F = Spawn count percentage of total count
 G = Total turns spent on level
                    A         B        C        D         E        F      G
               +---------+---------+-------+---------+---------+-------+---------
         Total |       0 | 2824625 |   0.0 |       0 |    3246 |   0.0 | 31229
               +---------+---------+-------+---------+---------+-------+---------
           D:1 |       0 |      33 |   0.0 |       0 |      20 |   0.0 |   720
           D:2 |       0 |      74 |   0.0 |       0 |      19 |   0.0 |   450
           D:3 |       0 |     119 |   0.0 |       0 |      16 |   0.0 |   877
           D:4 |       0 |     204 |   0.0 |       0 |      18 |   0.0 |   739
           D:5 |       0 |     829 |   0.0 |       0 |      16 |   0.0 |   592
           D:6 |       0 |     720 |   0.0 |       0 |      10 |   0.0 |   641
           D:7 |       0 |     297 |   0.0 |       0 |       7 |   0.0 |   325
           D:8 |       0 |     870 |   0.0 |       0 |      20 |   0.0 |   746
           D:9 |       0 |    3793 |   0.0 |       0 |      77 |   0.0 |  1395
          D:10 |       0 |    3366 |   0.0 |       0 |      29 |   0.0 |   961
          D:11 |       0 |    3986 |   0.0 |       0 |      39 |   0.0 |  1207
          D:12 |       0 |    6456 |   0.0 |       0 |      38 |   0.0 |   694
          D:13 |       0 |    8257 |   0.0 |       0 |      43 |   0.0 |   715
          D:14 |       0 |    2214 |   0.0 |       0 |      17 |   0.0 |   435
          D:15 |       0 |   14342 |   0.0 |       0 |      43 |   0.0 |   849
        Lair:1 |       0 |    2109 |   0.0 |       0 |       8 |   0.0 |   465
        Lair:2 |       0 |    7250 |   0.0 |       0 |      27 |   0.0 |   578
        Lair:3 |       0 |    5642 |   0.0 |       0 |      24 |   0.0 |   510
        Lair:4 |       0 |    6196 |   0.0 |       0 |      27 |   0.0 |   641
        Lair:5 |       0 |    3559 |   0.0 |       0 |      18 |   0.0 |   462
        Lair:6 |       0 |   30988 |   0.0 |       0 |      74 |   0.0 |  1355
      Shoals:1 |       0 |    8654 |   0.0 |       0 |      22 |   0.0 |   346
      Shoals:2 |       0 |    3759 |   0.0 |       0 |       8 |   0.0 |   358
      Shoals:3 |       0 |   19673 |   0.0 |       0 |      31 |   0.0 |   515
      Shoals:4 |       0 |   48420 |   0.0 |       0 |      82 |   0.0 |   757
       Snake:1 |       0 |    4685 |   0.0 |       0 |       9 |   0.0 |   311
       Snake:2 |       0 |     558 |   0.0 |       0 |       2 |   0.0 |    49
       Snake:3 |       0 |    7404 |   0.0 |       0 |      14 |   0.0 |   558
       Snake:4 |       0 |   77646 |   0.0 |       0 |     126 |   0.0 |  1370
       Slime:1 |       0 |   14196 |   0.0 |       0 |      23 |   0.0 |   166
       Slime:2 |       0 |    9268 |   0.0 |       0 |      12 |   0.0 |   123
       Slime:3 |       0 |    7531 |   0.0 |       0 |      16 |   0.0 |    58
       Slime:4 |       0 |   18034 |   0.0 |       0 |      23 |   0.0 |   194
       Slime:5 |       0 |   52421 |   0.0 |       0 |      49 |   0.0 |   276
         Orc:1 |       0 |    3131 |   0.0 |       0 |      28 |   0.0 |   786
         Orc:2 |       0 |   11567 |   0.0 |       0 |      44 |   0.0 |   856
         Elf:1 |       0 |   20368 |   0.0 |       0 |      31 |   0.0 |   848
         Elf:2 |       0 |   40740 |   0.0 |       0 |      39 |   0.0 |   710
         Elf:3 |       0 |   67818 |   0.0 |       0 |      58 |   0.0 |  1321
      Depths:1 |       0 |    8163 |   0.0 |       0 |      11 |   0.0 |    80
      Depths:2 |       0 |   46329 |   0.0 |       0 |      56 |   0.0 |   766
      Depths:3 |       0 |   18508 |   0.0 |       0 |      26 |   0.0 |   146
      Depths:4 |       0 |   42699 |   0.0 |       0 |      53 |   0.0 |   332
         Zig:1 |       0 |    3508 |   0.0 |       0 |       4 |   0.0 |    42
         Zig:2 |       0 |    7472 |   0.0 |       0 |       7 |   0.0 |    45
         Zig:3 |       0 |    8604 |   0.0 |       0 |      14 |   0.0 |    50
         Zig:4 |       0 |   14443 |   0.0 |       0 |      10 |   0.0 |    47
         Zig:5 |       0 |   16998 |   0.0 |       0 |      17 |   0.0 |    54
         Zig:6 |       0 |   28844 |   0.0 |       0 |      27 |   0.0 |    73
         Zig:7 |       0 |   45346 |   0.0 |       0 |      28 |   0.0 |    77
         Zig:8 |       0 |   31714 |   0.0 |       0 |      29 |   0.0 |    70
         Zig:9 |       0 |   26013 |   0.0 |       0 |      43 |   0.0 |   126
        Zig:10 |       0 |   36307 |   0.0 |       0 |      53 |   0.0 |    91
        Zig:11 |       0 |   73720 |   0.0 |       0 |      42 |   0.0 |   117
        Zig:12 |       0 |   56651 |   0.0 |       0 |      59 |   0.0 |   132
        Zig:13 |       0 |   69549 |   0.0 |       0 |      69 |   0.0 |   168
        Zig:14 |       0 |   80624 |   0.0 |       0 |      69 |   0.0 |   145
        Zig:15 |       0 |   76328 |   0.0 |       0 |      89 |   0.0 |   154
        Zig:16 |       0 |   76018 |   0.0 |       0 |      77 |   0.0 |   185
        Zig:17 |       0 |   80252 |   0.0 |       0 |     108 |   0.0 |   196
        Zig:18 |       0 |   93855 |   0.0 |       0 |     116 |   0.0 |   213
        Zig:19 |       0 |  103467 |   0.0 |       0 |     140 |   0.0 |   166
        Zig:20 |       0 |  150846 |   0.0 |       0 |      96 |   0.0 |   335
        Zig:21 |       0 |  161559 |   0.0 |       0 |     122 |   0.0 |   242
        Zig:22 |       0 |  211923 |   0.0 |       0 |     119 |   0.0 |   193
        Zig:23 |       0 |  243400 |   0.0 |       0 |     116 |   0.0 |   215
        Zig:24 |       0 |  195815 |   0.0 |       0 |     145 |   0.0 |   189
        Zig:25 |       0 |  131808 |   0.0 |       0 |      97 |   0.0 |   178
        Zig:26 |       0 |   73247 |   0.0 |       0 |      69 |   0.0 |   112
        Zig:27 |       0 |   89401 |   0.0 |       0 |      95 |   0.0 |   106
           Lab |       0 |    1832 |   0.0 |       0 |       6 |   0.0 |   540
        Bailey |       0 |    2205 |   0.0 |       0 |      27 |   0.0 |   443
               +---------+---------+-------+---------+---------+-------+---------
